 Dungeon Crawl Stone Soup version 0.25-a0-1002-gbcf8c60d55 (webtiles) character file.

Game seed: 12390256936757257253, levelgen mode: classic

19065159 EnegeticOcto the Shapeless Naga (level 27, 298/298 HPs)
             Began as a Naga Conjurer on May 11, 2020.
             Was the Champion of Makhleb.
             Escaped with the Orb
             ... and 15 runes!
             The game lasted 04:20:29 (81190 turns).

EnegeticOcto the Shapeless Naga (Naga Conjurer)    Turns: 81190, Time: 04:20:29

Health: 298/298    AC: 64    Str: 16 (21) XL:     27
Magic:  53/53      EV: 15    Int: 16 (22) God:    Makhleb [******]
Gold:   13506      SH: 28    Dex: 30 (31) Spells: 55/68 levels left

rFire    + + +     SeeInvis +   b - +8 mithril axe "Arga" {speed, MR+}
rCold    + + .     Gourm    +   U - +8 tower shield {AC+3}
rNeg     + + +     Faith    .   X - +8 plate armour of Foeclyn {*Drain rF+ MR+ Dex+5}
rPois    ∞         Spirit   .   s - +3 hat of Pondering {ponderous, MR+ MP+10 Int+5}
rElec    +         Reflect  .   H - +2 cloak {+Inv}
rCorr    .         Harm     .   d - +2 pair of gloves {Dex+3}
MR       +++++                  l - +2 naga barding "Annikoos" {rN+}
Stlth    ..........             L - amulet of Makhleb's Supremacy {Gourm rElec Str+2 Dex+6}
HPRegen  0.59/turn              x - ring of Uskayaw's Supremacy {+Blink rC+ MR+ Int+4 Dex+2}
MPRegen  0.33/turn              P - ring of Biecs {*Drain rPois rF++ Int-2 Stlth+}

@: lich-form, very slow
A: large, see invisible, deformed body, deterioration 1, dopey 1, low mp 1,
poison resistance, slowness 2, slow metabolism 1, spit poison 2, constrict 1, AC
+9
0: Orb of Zot
}: 15/15 runes: decaying, serpentine, slimy, silver, golden, iron, obsidian,
icy, bone, abyssal, demonic, glowing, magical, fiery, dark
a: Breathe Poison Gas, End Transformation, Minor Destruction, Lesser Servant of
Makhleb, Major Destruction, Greater Servant of Makhleb, Renounce Religion, Evoke
Blink, Evoke Invisibility


You escaped.
You worshipped Makhleb.
Makhleb was exalted by your worship.
You were not hungry.
You were a lich.
You visited 18 branches of the dungeon, and saw 84 of its levels.
You visited Pandemonium 3 times, and saw 33 of its levels.
You visited the Abyss 4 times.
You completed 1 ziggurat, and saw 27 of its levels.
You also visited: Trove.

You collected 14540 gold pieces.
You spent 1034 gold pieces at shops.

Inventory:

Hand Weapons
 b - the +8 mithril axe "Arga" (weapon) {speed, MR+}
   (You took it off a yaktaur captain on level 5 of the Vaults)

   Attacks with this weapon are significantly faster.
   It affects your resistance to hostile enchantments.
 y - the +7 sceptre of Asmodeus
   (You took it off Asmodeus on level 7 of Gehenna)
 C - the +4 staff of Dispater
   (You took it off Dispater on level 7 of the Iron City of Dis)
Missiles
 J - 6 throwing nets (quivered) {!f}
Armour
 d - a +2 pair of gloves of dexterity (worn)
 l - the +2 naga barding "Annikoos" (worn) {rN+}
   (You acquired it on level 1 of the Vaults)

   It protects you from negative energy.
 s - the +3 hat of Pondering (worn) {ponderous, MR+ MP+10 Int+5}
   (You found it on level 4 of the Depths)

   It affects your intelligence (+5).
   It affects your resistance to hostile enchantments.
   It affects your magic capacity (+10).
 H - a +2 cloak of invisibility (worn)
 U - a +8 tower shield of protection (worn)
 X - the +8 plate armour of Foeclyn (worn) {*Drain rF+ MR+ Dex+5}
   (You found it on level 24 of a ziggurat)

   It affects your dexterity (+5).
   It protects you from fire.
   It affects your resistance to hostile enchantments.
   It causes draining when unequipped.
Magical Staves
 a - an uncursed staff of wizardry
Jewellery
 i - an uncursed ring of resist corrosion
 x - the ring of Uskayaw's Supremacy (left hand) {+Blink rC+ MR+ Int+4 Dex+2}
   (You found it on level 21 of a ziggurat)

   [ring of protection from cold]

   It affects your intelligence (+4).
   It affects your dexterity (+2).
   It protects you from cold.
   It affects your resistance to hostile enchantments.
   It lets you blink.
 L - the amulet of Makhleb's Supremacy (around neck) {Gourm rElec Str+2 Dex+6}
   (You found it on level 22 of a ziggurat)

   [amulet of the gourmand]

   It allows you to eat raw meat even when not hungry.
   It affects your strength (+2).
   It affects your dexterity (+6).
   It insulates you from electricity.
 P - the ring of Biecs (right hand) {*Drain rPois rF++ Int-2 Stlth+}
   (You found it on level 3 of the Elven Halls)

   [ring of stealth]

   It affects your intelligence (-2).
   It greatly protects you from fire.
   It protects you from poison.
   It causes draining when unequipped.
   It makes you more stealthy.
 Q - the ring of Robustness {AC+8}
   (You found it on level 21 of a ziggurat)

   [ring of protection]

   It affects your AC (+8).
Wands
 k - a wand of enslavement (40)
 q - a wand of polymorph (6)
 t - a wand of acid (14) {@v1}
 G - a wand of digging (31) {@v3}
 N - a wand of clouds (23)
 S - a wand of iceblast (20) {@v2}
Scrolls
 f - a scroll of summoning
 m - 14 scrolls of fog {!r}
 n - 6 scrolls of magic mapping {@r5 !r}
 p - 11 scrolls of identify {@r1}
 w - 10 scrolls of fear {!r}
 A - 17 scrolls of teleportation {@r3 !r}
 D - 13 scrolls of blinking {@r4}
 T - 7 scrolls of silence
 W - 7 scrolls of immolation
 Z - 7 scrolls of holy word
Potions
 c - 4 potions of haste {@q4 !q}
 g - 15 potions of might {@q3 !q}
 j - 26 potions of heal wounds {@q2 !q}
 r - 3 potions of cancellation
 u - 12 potions of flight
 v - 9 potions of ambrosia
 B - 7 potions of magic
 E - 21 potions of mutation
 F - 3 potions of resistance
 K - 28 potions of curing {@q1 !q}
 Y - 4 potions of invisibility
Miscellaneous
 h - 11 boxes of beasts
 o - the horn of Geryon
 I - 2 +1 figurines of a ziggurat
 O - a lightning rod (4/4)
 V - a tin of tremorstones
Comestibles
 e - 81 rations


   Skills:
 O Level 27 Fighting
 - Level 18.0 Axes
 + Level 25.6 Armour
 + Level 18.6 Dodging
 - Level 3.0 Stealth
 - Level 15.0 Shields
 + Level 21.2 Spellcasting
 - Level 6.0 Conjurations
 - Level 4.0 Hexes
 - Level 26.8 Necromancy
 O Level 27 Transmutations
 O Level 27 Evocations


You had 55 spell levels left.
You knew the following spells:

 Your Spells              Type           Power        Failure   Level  Hunger
b - Necromutation         Tmut/Necr      ########..   1%          8    N/A
c - Dazzling Flash        Conj/Hex       ####..       8%          3    N/A
d - Searing Ray           Conj           #####.       2%          2    N/A

Your spell library contained the following spells:

 Spells                   Type           Power        Failure   Level  Hunger
 Animate Skeleton         Necr           N/A          0%          1    N/A
 Beastly Appendage        Tmut           ######       0%          1    N/A
 Pain                     Necr           ####         0%          1    N/A
 Sticks to Snakes         Tmut           #######.     0%          2    N/A
 Sublimation of Blood     Necr           ########..   0%          2    N/A
 Vampiric Draining        Necr           ########..   0%          3    N/A
 Animate Dead             Necr           N/A          0%          4    N/A
 Agony                    Necr           ########     0%          5    N/A
 Blade Hands              Tmut           #######...   0%          5    N/A
 Magic Dart               Conj           ####         1%          1    N/A
 Sting                    Tmut/Pois      ####         1%          1    N/A
 Corpse Rot               Necr/Air       N/A          1%          2    N/A
 Passwall                 Tmut/Erth      ######..     1%          2    N/A
 Ignite Poison            Fire/Tmut/Pois #####...     1%          3    N/A
 Spider Form              Tmut/Pois      ######....   1%          3    N/A
 Ice Form                 Ice/Tmut       ######..     1%          4    N/A
 Petrify                  Tmut/Erth      ######..     1%          4    N/A
 Alistair's Intoxication  Tmut/Pois      ######..     1%          5    N/A
 Yara's Violent Unravell  Hex/Tmut       ######....   1%          5    N/A
 Death Channel            Necr           ########..   1%          6    N/A
 Hydra Form               Tmut           #######...   1%          6    N/A
 Borgnjor's Revivificati  Necr           ########..   1%          8    N/A
 Infestation              Necr           ########..   1%          8    N/A
 Borgnjor's Vile Clutch   Necr/Erth      ######....   2%          5    N/A
 Excruciating Wounds      Chrm/Necr      ######....   2%          5    N/A
 Corona                   Hex            ####...      3%          1    N/A
 Foxfire                  Conj/Fire      ####         5%          1    N/A
 Shock                    Conj/Air       ####         5%          1    N/A
 Slow                     Hex            ####....     5%          2    N/A
 Confusing Touch          Hex            ####....     11%         3    N/A
 Tukima's Dance           Hex            ####....     11%         3    N/A
 Eringya's Noxious Bog    Tmut/Pois      ######....   12%         6    N/A
 Simulacrum               Ice/Necr       ######....   12%         6    N/A
 Statue Form              Tmut/Erth      ######...    12%         6    N/A
 Ensorcelled Hibernation  Hex/Ice        ###...       13%         2    N/A
 Conjure Flame            Conj/Fire      ####....     17%         3    N/A
 Static Discharge         Conj/Air       ####....     17%         3    N/A
 Stone Arrow              Conj/Erth      ####..       17%         3    N/A
 Apportation              Tloc           ###...       19%         1    N/A
 Freeze                   Ice            ###.         19%         1    N/A
 Infusion                 Chrm           ###.         19%         1    N/A
 Sandblast                Erth           ###...       19%         1    N/A
 Summon Butterflies       Summ           ###.....     19%         1    N/A
 Summon Small Mammal      Summ           ###.         19%         1    N/A
 Fulminant Prism          Conj/Hex       ####......   24%         4    N/A
 Inner Flame              Hex/Fire       ###.....     26%         3    N/A
 Mephitic Cloud           Conj/Pois/Air  ###.....     26%         3    N/A
 Portal Projectile        Hex/Tloc       ###...       26%         3    N/A
 Spectral Weapon          Hex/Chrm       ###.....     26%         3    N/A
 Summon Guardian Golem    Hex/Summ       ###.....     26%         3    N/A
 Blink                    Tloc           N/A          28%         2    N/A
 Call Imp                 Summ           ###.....     28%         2    N/A
 Poisonous Vapours        Pois/Air       ###...       28%         2    N/A
 Shroud of Golubria       Chrm/Tloc      ###...       28%         2    N/A
 Song of Slaying          Chrm           ###.....     28%         2    N/A
 Swiftness                Chrm/Air       ###.....     28%         2    N/A
 Cause Fear               Hex            ####......   36%         4    N/A
 Call Canine Familiar     Summ           ###.....     50%         3    N/A
 Frozen Ramparts          Ice            ###...       50%         3    N/A
 Gell's Gravitas          Tloc           ###.......   50%         3    N/A
 Lesser Beckoning         Tloc           ###.......   50%         3    N/A
 Ozocubu's Armour         Chrm/Ice       ###.....     50%         3    N/A
 Recall                   Summ/Tloc      N/A          50%         3    N/A
 Teleport Other           Tloc           ###.....     50%         3    N/A
 Hailstorm                Conj/Ice       ####....     50%         4    N/A
 Iskenderun's Mystic Bla  Conj/Tloc      ####....     50%         4    N/A
 Sticky Flame             Conj/Fire      ####....     50%         4    N/A
 Haunt                    Necr/Summ      ######....   54%         7    N/A
 Leda's Liquefaction      Hex/Erth       ###.......   63%         4    N/A
 Fireball                 Conj/Fire      ####......   83%         5    N/A
 Iskenderun's Battlesphe  Conj/Chrm      ####....     83%         5    N/A
 Lightning Bolt           Conj/Air       ####......   83%         5    N/A
 Airstrike                Air            ###.......   88%         4    N/A
 Olgreb's Toxic Radiance  Pois           ###.....     88%         4    N/A
 Summon Ice Beast         Ice/Summ       ###.....     88%         4    N/A
 Summon Lightning Spire   Summ/Air       ###.....     88%         4    N/A
 Bolt of Magma            Conj/Fire/Erth ###.......   93%         5    N/A
 Metabolic Englaciation   Hex/Ice        ###.......   93%         5    N/A
 Silence                  Hex/Air        ###.......   93%         5    N/A
 Summon Mana Viper        Hex/Summ       ###.....     93%         5    N/A
 Aura of Abjuration       Summ           ###.......   99%         5    N/A
 Lee's Rapid Deconstruct  Erth           ###.......   99%         5    N/A
 Summon Demon             Summ           ###.......   99%         5    N/A
 Summon Forest            Summ/Tloc      ###.......   99%         5    N/A
 Darkness                 Hex            ####......   99%         6    N/A
 Invisibility             Hex            ####....     99%         6    N/A
 Death's Door             Chrm/Necr      ######....   99%         8    N/A
 Conjure Ball Lightning   Conj/Air       ####......   100%        6    N/A
 Dispersal                Tloc           ###.......   100%        6    N/A
 Freezing Cloud           Conj/Ice/Air   ###.......   100%        6    N/A
 Iron Shot                Conj/Erth      ####......   100%        6    N/A
 Ozocubu's Refrigeration  Ice            ###.......   100%        6    N/A
 Shadow Creatures         Summ           N/A          100%        6    N/A
 Starburst                Conj/Fire      ####......   100%        6    N/A
 Malign Gateway           Summ/Tloc      ###.......   100%        7    N/A
 Monstrous Menagerie      Summ           ###.......   100%        7    N/A
 Orb of Destruction       Conj           #####.....   100%        7    N/A
 Ring of Flames           Chrm/Fire      ###.......   100%        7    N/A
 Spellforged Servitor     Conj/Summ      ####......   100%        7    N/A
 Summon Greater Demon     Summ           ###.......   100%        7    N/A
 Summon Hydra             Summ           ###.......   100%        7    N/A
 Controlled Blink         Tloc           N/A          100%        8    N/A
 Discord                  Hex            ####......   100%        8    N/A
 Disjunction              Tloc           ###.......   100%        8    N/A
 Ignition                 Fire           ###.......   100%        8    N/A
 Summon Horrible Things   Summ           ###.......   100%        8    N/A
 Dragon's Call            Summ           ###.......   100%        9    N/A
 Shatter                  Erth           ###.......   100%        9    N/A
 Tornado                  Air            ###.......   100%        9    N/A
 Passage of Golubria      Tloc           Unusable     N/A         4    N/A

Dungeon Overview and Level Annotations

Branches:
Dungeon (15/15)            Temple (1/1) D:7            Lair (6/6) D:9
  Swamp (4/4) Lair:3        Snake (4/4) Lair:4        Slime (5/5) Lair:6
    Orc (2/2) D:10            Elf (3/3) Orc:2        Vaults (5/5) D:14
  Crypt (3/3) Vaults:2       Tomb (3/3) Crypt:3      Depths (5/5) D:15
   Hell (visited)             Dis (7/7) Hell            Geh (7/7) Hell
    Coc (7/7) Hell            Tar (7/7) Hell            Zot (5/5) Depths:5

Altars:
Ashenzari
Cheibriados
Dithmenos
Elyvilon
Fedhas
Gozag
Hepliaklqana
Kikubaaqudgha
Makhleb
Nemelex Xobeh
Okawaru
Qazlal
Sif Muna
Trog
Uskayaw
Vehumet
Wu Jian
Xom
Yredelemnul
The Shining One

Shops:
D:4 *   D:11 *   Orc:2 %%?[(   Elf:1 (   Snake:1 *   Snake:2 }=}=   Snake:4 [
Vaults:3 *%[

Portals:
Hell: Depths:1 Depths:2 Depths:3 Depths:4 Depths:5
Abyss: Depths:2 Depths:4
Pandemonium: Depths:3

Annotations:
D:13 exclusion: downstairs
D:14 exclusion: door
Lair:1 3 runed translucent doors, exclusion: oklob plant, Morbidden's ghost, journeyman VSFE
Lair:6 1 exclusion
Elf:2 3 runed translucent doors


Innate Abilities, Weirdness & Mutations

You cannot wear boots.
Your serpentine skin is tough. (AC +9)
You have supernaturally acute eyesight. (SInv)
Armour fits poorly on your strangely shaped body.
Your system is resistant to poisons. (rPois)
You cover ground very slowly.
You have a slow metabolism.
You can exhale a cloud of poison.
You can use your snake-like lower body to constrict enemies.
Your body sometimes deteriorates upon taking damage.
You are dopey. (Int -2)
Your magical capacity is low. (-10% MP)


Message History

The Brimstone Fiend is lightly wounded.
You constrict the Brimstone Fiend.
You hit the Brimstone Fiend but do no damage.
The Brimstone Fiend is moderately wounded.
You constrict the Brimstone Fiend.
The Brimstone Fiend hits you but does no damage.
You block the Brimstone Fiend's attack. x2
You hit the Brimstone Fiend.
The Brimstone Fiend is moderately wounded.
You constrict the Brimstone Fiend, but do no damage.
You slice the Brimstone Fiend!!
The Brimstone Fiend is heavily wounded.
You constrict the Brimstone Fiend.
The Brimstone Fiend hits you but does no damage.
You block the Brimstone Fiend's attack. x2
You hit the Brimstone Fiend.
The Brimstone Fiend is severely wounded.
You constrict the Brimstone Fiend. You slice the Brimstone Fiend!!
The Brimstone Fiend is almost dead.
You constrict the Brimstone Fiend. The Brimstone Fiend gestures at you.
The sphere of damnation explodes!
The damnation engulfs you!!
The damnation engulfs the Brimstone Fiend.
The Brimstone Fiend completely resists.
You slash the Brimstone Fiend!
The Brimstone Fiend is almost dead.
You constrict the Brimstone Fiend. You slice the Brimstone Fiend!!
You kill the Brimstone Fiend!
Makhleb accepts your kill.
No target in view!
No target in view!
(D) Dungeon (T) Temple (L) Lair (S) Swamp (P) Snake Pit (M) Slime Pits (O) Orcish Mines (E) Elven Halls (V) Vaults (C) Crypt (W) Tomb (U) Depths (H) Hell (I) Dis (G) Gehenna (X) Cocytus (Y) Tartarus (Z) Zot
Where to? (Enter - D:1 @ (x,y), ? - help)
A red devil comes into view.
It is wielding a +0 vampiric demon trident.
The red devil hops backward while attacking.
You block the red devil's attack. You block the red devil's attack.
Your plate armour of Foeclyn prevents you from hitting the red devil.
Your grab misses the red devil.
The red devil hops backward while attacking.
You block the red devil's attack. You block the red devil's attack.
You completely miss the red devil. You grab the red devil.
You constrict the red devil, but do no damage.
You slice the red devil!!
The red devil is severely wounded.
You constrict the red devil. You block the red devil's attack.
You slash the red devil!
You kill the red devil!
Makhleb accepts your kill.
You feel better.
No target in view!
No target in view!
No target in view!
No target in view!
No target in view!
No target in view!
(D) Dungeon (T) Temple (L) Lair (S) Swamp (P) Snake Pit (M) Slime Pits (O) Orcish Mines (E) Elven Halls (V) Vaults (C) Crypt (W) Tomb (U) Depths (H) Hell (I) Dis (G) Gehenna (X) Cocytus (Y) Tartarus (Z) Zot
Where to? (Enter - D:1 @ (x,y), ? - help) Magic restored.
A chaos spawn comes into view.
You hit the chaos spawn.
The chaos spawn is lightly wounded.
You block the chaos spawn's attack.
You slash the chaos spawn!
The chaos spawn is heavily wounded.
You slash the chaos spawn!
You kill the chaos spawn!
Makhleb accepts your kill.
You feel better.
The chaos spawn degenerates into a cloud of primal chaos!
No target in view!
No target in view!
No target in view!
No target in view!
No target in view!
(D) Dungeon (T) Temple (L) Lair (S) Swamp (P) Snake Pit (M) Slime Pits (O) Orcish Mines (E) Elven Halls (V) Vaults (C) Crypt (W) Tomb (U) Depths (H) Hell (I) Dis (G) Gehenna (X) Cocytus (Y) Tartarus (Z) Zot
Where to? (Enter - D:1 @ (x,y), ? - help)
There is a stone staircase leading up here.
You climb upwards.
There is a stone staircase leading down here.
There is an open door here.
There is an open door here.
HP restored.
There is a staircase leading out of the dungeon here.
You have escaped!

.##.# ##..[.......#......## #.
###.# #.#......#.#......#.# #.
###.# #..#......#......#..# ##
.##.###...#....#.#.#..#...# #
.'....#....#..#...#..#....# #
.##.#.#.....##...#.##.....#
.##.#.#.....#...#...#.....###
....#.#..#.#.#.#.....#......#
#####.....#...#.L...#.#...#.#
#.#..#.#.#.#...#...#..#.#####
#.#.#...#...#.#.#.....#......
#.#....#.#...#...#....##.....
#####.#...#...#...#...#...##.....
......#..#.....#...#...#..##.....
......#.#.......#.......#.##.....
......##.........).......###.....
#####.##########.######### #.....


There were no monsters in sight!

Vanquished Creatures
  Cerebov (Pan)
  Asmodeus (Geh:7)
  Ignacio (Pan)
  Ereshkigal (Tar:7)
  Gloorx Vloq (Pan)
  Lom Lobon (Pan)
  the Royal Jelly (Slime:5)
  Mnoleg (Pan)
  Dispater (Dis:7)
  5 orbs of fire
  Mennas (Depths:5)
  Mara (Snake:4)
  3 ancient liches
  15 juggernauts
  11 greater mummies
  Sojobo (Vaults:2)
  22 pandemonium lords
  16 Killer Klowns
  7 shard shrikes
  Vashnia (Snake:2)
  Margery (Vaults:2)
  6 curse toes
  7 caustic shrikes
  Geryon (Hell)
  Nikola (Swamp:2)
  12 golden dragons
  2 profane servitors
  9 doom hounds
  20 Tzitzimimeh
  5 bone dragons
  17 Brimstone Fiends
  An iron giant (shapeshifter) (Zig:14)
  3 electric golems
  Jorgrun (Snake:2)
  4 hellephants
  4 iron giants
  12 Ice Fiends
  9 Hell Sentinels
  28 Orb Guardians
  24 tentacled monstrosities
  2 titans
  10 quicksilver dragons
  19 liches
  13 deep elf blademasters
  20 acid blobs
  Asterion (Depths:2)
  14 tentacled starspawn
  20 deep elf master archers
  24 ancient champions
  12 sphinxes
  20 Executioners
  8 death cobs
  Agnes (Snake:4)
  13 draconian monks
  Roxanne (Elf:2)
  6 warmongers (Pan)
  2 thorn hunters
  15 shadow dragons
  8 tengu reavers
  5 revenants
  2 sphinxes (shapeshifter)
  9 azure jellies
  A fire giant (shapeshifter) (Zig:14)
  15 nagarajas
  2 daevas
  An iron dragon (Vaults:5)
  15 storm dragons
  12 deep elf sorcerers
  22 draconian knights
  9 fire giants
  14 draconian scorchers
  12 frost giants
  21 vault wardens
  34 balrugs
  Louise (Elf:3)
  22 ghost moths
  22 cacodemons
  A ghost moth (shapeshifter) (Zot:2)
  An emperor scorpion (shapeshifter) (Zig:15)
  23 draconian annihilators
  32 orc warlords
  12 draconian shifters
  An elemental wellspring (Coc:7)
  11 emperor scorpions
  2 angels (Pan)
  2 curse skulls
  8 war gargoyles
  13 draconian stormcallers
  17 ironheart preservers
  The ghost of EWolf27 the Unseen, an adept SpEn of Dithmenos (Snake:3)
  38 reapers
  7 ghouls
  7 deep elf elementalists
  42 very ugly things
  12 vampire knights
  12 corrupters
  39 stone giants
  2 entropy weavers (shapeshifter)
  6 black suns
  17 deep elf demonologists
  6 bennus
  A caustic shrike skeleton (Zig:18)
  14 lorocyprocas (Pan)
  18 black draconians
  10 green draconians
  11 entropy weavers
  12 blood saints
  20 red draconians
  A spark wasp (Zig:19)
  14 purple draconians
  11 eidola
  15 white draconians
  A dire elephant (shapeshifter) (Zot:2)
  18 yellow draconians
  3 dire elephants (Zig:16)
  23 deep elf annihilators
  A crystal guardian (Zot:2)
  20 ettins
  25 blizzard demons
  16 green deaths (Pan)
  9 merfolk javelineers
  6 quicksilver dragon zombies
  15 jiangshi
  Josephine (Lair:5)
  9 death oozes
  19 mummy priests
  18 deep elf death magi
  3 kraken zombies
  15 deep elf high priests
  16 yaktaur captains
  9 fire dragons
  18 ice dragons
  13 great orbs of eyes
  2 great orbs of eyes (shapeshifter)
  13 naga warriors
  32 vault guards
  18 centaur warriors
  4 quicksilver dragon skeletons
  5 monstrous demonspawn (Pan)
  29 hydras
  18 rakshasas
  3 hell beasts (Pan)
  A merfolk avatar (Zig:25)
  9 alligators
  3 ghost crabs
  3 spriggan air magi
  4 shambling mangroves
  6 death knights
  7 anacondas
  2 merfolk aquamancers (Zig:25)
  11 satyrs
  A titan zombie (Crypt:2)
  4 alligator snapping turtles (Zig:25)
  5 deep troll shamans
  21 two-headed ogres
  A queen ant (shapeshifter) (Zig:15)
  7 ogre magi
  32 dancing weapons
  8 tengu warriors
  26 hell hogs
  A death yak (shapeshifter) (Zig:14)
  47 death scarabs
  5 deep troll earth magi
  21 orc high priests
  A shock serpent (shapeshifter) (Vaults:5)
  2 iron golems (Hell)
  13 vampire magi
  3 spriggan berserkers (Depths:5)
  21 naga sharpshooters
  6 shock serpents
  22 hell knights
  8 spriggans
  Nergalle (Lair:4)
  14 thrashing horrors
  A storm dragon zombie (Abyss:2)
  47 sun demons
  37 soul eaters
  5 titan skeletons
  An iron troll (shapeshifter) (Zig:14)
  3 spatial maelstroms
  14 shadow wraiths
  118 skeletal warriors
  4 storm dragon skeletons
  28 deep elf knights
  29 sixfirhies
  10 wretched stars
  12 iron trolls
  8 salamander mystics
  A sea snake (Zig:25)
  2 quicksilver dragon simulacra
  6 unseen horrors
  A golden dragon zombie (Tar:7)
  A cherub (Zot:5)
  2 fire crabs (shapeshifter)
  21 shadow demons
  An iron giant zombie (Crypt:1)
  9 torturous demonspawn (Pan)
  17 anaconda zombies
  13 gelid demonspawn
  11 infernal demonspawn (Pan)
  2 death drakes
  25 deep trolls
  A spectral anaconda (Depths:2)
  16 flayed ghosts
  4 spriggan druids
  54 starcursed masses
  An unseen horror (shapeshifter) (Vaults:1)
  5 ghost moth zombies
  8 glowing orange brains
  A glowing orange brain (shapeshifter) (Vaults:2)
  A spectral hydra (Depths:2)
  4 orange crystal statues
  17 swamp dragons
  20 deep elf archers
  3 naga ritualists
  13 wizards
  4 obsidian statues
  22 phantasmal warriors
  18 ironbrand convokers
  A lindwurm (Lair:6)
  A harpy (shapeshifter) (Vaults:3)
  A lindwurm (shapeshifter) (Zig:21)
  14 necromancers
  A sphinx zombie (Zig:18)
  3 oklob plants (Lair:1)
  78 deep elf magi
  5 frost giant zombies
  5 harpies (Vaults:1)
  2 shadow dragon zombies
  3 mana vipers
  58 ugly things
  11 orb spiders
  17 orc knights
  An iron dragon zombie (Zig:18)
  A salamander (shapeshifter) (Vaults:5)
  4 wolf spider zombies
  9 wolf spiders
  2 stone giant zombies
  22 orc sorcerers
  5 anaconda skeletons
  3 fauns (Zig:23)
  3 shining eyes
  A worldbinder (Abyss:2)
  A manticore (shapeshifter) (Zig:15)
  5 manticores
  18 salamanders
  2 sphinx skeletons
  4 fire giant zombies
  3 shadow dragon skeletons
  16 cyclopes
  3 iron dragon skeletons
  36 moths of wrath
  An elephant (shapeshifter) (Depths:4)
  6 elephants
  2 fire giant skeletons
  30 naga magi
  Maurice (D:8)
  6 ice statues
  33 black mambas
  30 rust devils
  Joseph (D:7)
  6 apocalypse crabs
  A black mamba (shapeshifter) (Vaults:5)
  2 centaur zombies
  21 orange demons
  14 guardian serpents
  A titan simulacrum (Crypt:3)
  4 frost giant skeletons
  7 stone giant skeletons
  19 vault sentinels
  3 dire elephant zombies
  52 smoke demons
  2 shock serpent zombies
  A torpor snail (shapeshifter) (Vaults:2)
  6 torpor snails
  3 eyes of devastation (Slime:5)
  16 spiny frogs
  2 molten gargoyles
  2 gargoyles (D:10)
  3 dire elephant skeletons
  A storm dragon simulacrum (D:15)
  28 hellions
  A rime drake (shapeshifter) (Depths:4)
  9 komodo dragons
  14 efreet
  2 emperor scorpion zombies
  A red draconian zombie (Crypt:3)
  A shock serpent skeleton (Coc:3)
  A komodo dragon (shapeshifter) (D:15)
  3 anaconda simulacra
  3 rime drakes (Swamp:4)
  A yaktaur (shapeshifter) (Zig:15)
  A grey draconian zombie (Crypt:1)
  A kobold demonologist (D:15)
  30 freezing wraiths
  A minotaur zombie (Geh:6)
  15 demonic crawlers
  2 elf zombies (Zig:18)
  5 silent spectres
  4 spectral merfolk (Depths:2)
  46 yaktaurs
  38 ice devils
  A white draconian skeleton (Crypt:1)
  42 tormentors
  2 catoblepas skeletons
  A swamp worm zombie (Crypt:3)
  42 guardian mummies
  2 shadow dragon simulacra
  4 tengu conjurers
  A queen bee (D:12)
  15 trolls
  3 meliai (D:12)
  12 ancient zymes
  21 red devils
  26 hellwings
  2 yaktaur skeletons
  7 harpy zombies
  A merfolk (Zig:25)
  A wind drake (shapeshifter) (Vaults:2)
  13 jumping spiders
  14 hydra zombies
  5 polar bears
  A merfolk (shapeshifter) (Zig:14)
  22 hornets
  A troll (shapeshifter) (Zig:17)
  A meliai (shapeshifter) (Zig:21)
  Grinder (D:5)
  15 tyrant leeches
  2 harpy skeletons
  A polar bear (shapeshifter) (D:15)
  15 raiju
  3 hydra skeletons
  20 bog bodies
  81 slime creatures
  11 hippogriffs
  10 alligator zombies
  3 fire dragon zombies
  A tarantella zombie (Crypt:3)
  A dream sheep (shapeshifter) (Zig:15)
  A dream sheep (Zig:16)
  2 alligator skeletons
  A snapping turtle (Zig:25)
  19 blink frogs
  Sigmund (D:2)
  5 ice dragon zombies
  5 ettin zombies
  2 fire dragon skeletons (Coc:2)
  68 flying skulls
  58 large abominations
  8 ushabtiu
  9 air elementals
  3 ice dragon skeletons
  26 shadows
  9 redbacks
  5 spriggan skeletons
  9 tarantellas
  35 ynoxinuls
  A guardian serpent skeleton (Crypt:1)
  4 vampires
  A black mamba zombie (Coc:1)
  7 wyverns
  5 ettin skeletons
  35 yaks
  5 fire bats
  21 water elementals
  38 wraiths
  2 steam dragons
  A basilisk (shapeshifter) (Vaults:2)
  13 golden eyes
  2 basilisks (Lair:6)
  31 neqoxecs
  25 fire elementals
  A steam dragon (shapeshifter) (Depths:4)
  A yaktaur simulacrum (Vaults:3)
  35 chaos spawn
  A catoblepas simulacrum (Crypt:3)
  10 small abominations
  3 hungry ghosts
  4 spatial vortices
  15 vampire mosquitoes
  16 swamp worms
  2 acid dragons
  17 insubstantial wisps
  2 soldier ants
  16 wargs
  Edmund (D:4)
  46 nagas
  3 hydra simulacra
  3 spiny frog zombies
  2 faun skeletons
  2 spectral spriggans (Depths:2)
  A water moccasin (shapeshifter) (Depths:4)
  4 floating eyes
  44 hell hounds
  8 porcupines
  15 water moccasins
  70 orc warriors
  A spectral troll (Depths:2)
  A merfolk skeleton (Geh:6)
  A floating eye (shapeshifter) (Zig:15)
  20 swamp drakes
  4 spiny frog skeletons
  3 black bears
  6 phantoms
  A hornet zombie (Crypt:2)
  An ice beast (shapeshifter) (Zig:14)
  3 sky beasts
  An alligator simulacrum (Hell)
  2 swamp dragon zombies
  2 ice beasts
  3 snapping turtle zombies
  A blink frog zombie (Crypt:2)
  4 eyes of draining
  A centaur (shapeshifter) (Vaults:5)
  38 ogres
  21 necrophages
  34 wolves
  7 elf skeletons
  2 tengu (shapeshifter)
  10 human skeletons
  4 snapping turtle skeletons
  A black mamba simulacrum (Crypt:3)
  17 crocodiles
  10 boggarts
  2 swamp dragon skeletons
  A blink frog skeleton (Crypt:1)
  60 centaurs
  A bullfrog (shapeshifter) (Depths:4)
  21 bullfrogs
  2 big kobolds
  An octopode zombie (Crypt:1)
  5 earth elementals
  A wyvern zombie (D:12)
  A gnoll sergeant (D:8)
  A spiny frog simulacrum (Coc:7)
  5 scorpions
  2 troll zombies (D:10)
  4 spectral ogres (Depths:2)
  2 troll skeletons
  4 spectral nagas (Depths:2)
  33 killer bees
  59 wights
  3 howler monkeys (D:11)
  6 spectral centaurs (Depths:2)
  18 crimson imps
  A wolf skeleton (Crypt:1)
  2 quasits
  A basilisk zombie (Crypt:3)
  5 hounds
  11 iron imps
  A wyvern simulacrum (D:15)
  16 jellies
  2 human zombies
  4 centaur skeletons
  28 orc priests
  26 orc wizards
  Jessica (D:3)
  A bullfrog skeleton (D:8)
  Natasha (twice) (D:3)
  Terence (D:2)
  5 iguanas
  16 worker ants
  8 lightning spires
  A tengu zombie (Abyss:2)
  An acid dragon skeleton (Crypt:1)
  6 ogre zombies (D:10)
  A deep dwarf skeleton (Crypt:2)
  An ogre skeleton (Geh:6)
  A hound zombie (D:7)
  A hound skeleton (D:2)
  45 mummies
  2 worker ant zombies
  10 gnolls
  14 adders
  A swamp drake skeleton (Crypt:2)
  11 shadow imps
  14 white imps
  An ooze (Lair:6)
  A worm zombie (Crypt:1)
  An adder zombie (D:6)
  2 adder skeletons
  3 worms
  3 ball lightnings (Pan)
  2 dart slugs (D:2)
  3 leopard geckos
  90 orcs
  6 bats
  A bat zombie (Crypt:2)
  4 giant cockroaches
  16 goblins
  12 hobgoblins
  12 jackals
  3 quokkas
  2 ball pythons (D:3)
  6 frilled lizards
  A goblin skeleton (D:10)
  4 goblin zombies (D:10)
  A hobgoblin skeleton (D:10)
  2 hobgoblin zombies (D:10)
  A jackal zombie (Crypt:2)
  14 kobolds
  A kobold zombie (Crypt:3)
  An orc simulacrum (Tomb:3)
  4 orc skeletons
  15 orc zombies
  8 rats
  A rat skeleton (Crypt:3)
  18 briar patches
  A bush (D:14)
  2 butterflies
  3 crawling corpses (Zig:17)
  15 fungi
  A lurking horror (Abyss:5)
  16 plants
  13 starspawn tentacles
  3 tentacles (Hell)
5414 creatures vanquished.

Vanquished Creatures (collateral kills)
  Antaeus (Coc:7)
  A Brimstone Fiend (Dis:7)
  5 Hell Sentinels (Dis:7)
  A quicksilver dragon (Dis:7)
  3 ancient champions (Dis:7)
  An Executioner (Dis:7)
  2 balrugs
  2 reapers (Dis:7)
  An elemental wellspring (Coc:7)
  A vampire knight (Dis:7)
  A dancing weapon (Dis:7)
  A tormentor (Dis:7)
  A hydra zombie (Coc:7)
  2 flying skulls (Coc:7)
  7 water elementals (Coc:7)
  2 iron imps (Dis:7)
  A mummy (Coc:7)
33 creatures vanquished.

Vanquished Creatures (others)
  A bone dragon (Geh:7)
  An eldritch tentacle (Pan)
  A deep elf demonologist (Zig:21)
  A blizzard demon (Coc:7)
  A satyr (Zig:23)
  A tengu warrior (Depths:1)
  2 hell hogs
  A storm dragon zombie (Geh:2)
  A stone giant zombie (Geh:2)
  A fire giant skeleton (Geh:2)
  A yaktaur (Zig:23)
  An alligator zombie (Dis:5)
  A flying skull (Coc:7)
  A fire bat (Geh:6)
  A golden eye (Zig:24)
  An orc warrior (Vaults:4)
  A small abomination (Abyss:3)
  A manticore zombie (Geh:2)
  5 fungi
  40 plants
  10 starspawn tentacles
  16 tentacles
90 creatures vanquished.

Grand Total: 5537 creatures vanquished

Notes
Turn   | Place    | Note
-------+----------+-------------------------------------------
     0 | D:1      | EnegeticOcto the Naga Conjurer began the quest for the Orb.
     0 | D:1      | Reached XP level 1. HP: 15/15 MP: 3/3
   186 | D:1      | Reached XP level 2. HP: 17/22 MP: 5/5
   572 | D:1      | Reached XP level 3. HP: 10/28 MP: 1/6
   892 | D:1      | Reached skill level 5 in Conjurations
   896 | D:1      | Learned a level 2 spell: Searing Ray
  1628 | D:2      | Noticed a centaur
  1638 | D:2      | Killed a centaur
  1638 | D:2      | Reached skill level 1 in Fighting
  1638 | D:2      | Reached XP level 4. HP: 29/38 MP: 2/7
  1638 | D:2      | Reached XP level 5. HP: 33/44 MP: 2/8
  1793 | D:2      | Learned a level 3 spell: Dazzling Flash
  1868 | D:2      | Noticed Terence
  1868 | D:2      | Noticed Sigmund
  2034 | D:2      | Reached skill level 1 in Hexes
  2428 | D:3      | Noticed Natasha
  2433 | D:3      | Killed Natasha
  2747 | D:3      | Noticed a black bear
  2753 | D:3      | Reached XP level 6. HP: 46/52 MP: 5/9
  2760 | D:3      | Killed a black bear
  3134 | D:3      | Noticed Jessica
  3137 | D:3      | Killed Jessica
  3565 | D:3      | Noticed Natasha
  3571 | D:3      | Killed Natasha
  3571 | D:3      | Reached skill level 1 in Shields
  3571 | D:3      | Reached XP level 7. HP: 52/60 MP: 3/10
  3915 | D:4      | Found Rar Bol's General Store.
  3981 | D:4      | Noticed Edmund
  4001 | D:4      | Killed Edmund
  4235 | D:4      | Noticed Ijyb
  4236 | D:4      | Noticed Ijyb
  4236 | D:4      | Ijyb changed into Ijyb the worker ant
  4243 | D:4      | Killed Ijyb the worker ant
  4619 | D:4      | Reached skill level 1 in Evocations
  4985 | D:4      | Bought a tin of tremorstones for 150 gold pieces
  5782 | D:4      | Reached XP level 8. HP: 69/69 MP: 11/11
  5865 | D:5      | Entered Level 5 of the Dungeon
  5866 | D:5      | Noticed Grinder
  6117 | D:5      | Killed Grinder
  6851 | D:5      | Reached skill level 1 in Armour
  7023 | D:5      | Found a blossoming altar of Fedhas.
  7542 | D:6      | Reached skill level 5 in Fighting
  7718 | D:6      | Reached XP level 9. HP: 81/81 MP: 12/12
  7851 | D:6      | Found a sparkling altar of Nemelex Xobeh.
  8195 | D:6      | Found a stormy altar of Qazlal.
  8620 | D:6      | Found a shimmering blue altar of Sif Muna.
  9154 | D:7      | Found a shimmering blue altar of Sif Muna.
  9169 | D:7      | Noticed Joseph
  9174 | D:7      | Killed Joseph
  9174 | D:7      | Reached skill level 5 in Shields
  9323 | D:7      | Found a radiant altar of Vehumet.
  9354 | D:7      | Found a staircase to the Ecumenical Temple.
  9363 | Temple   | Entered the Ecumenical Temple
  9489 | Temple   | Became a worshipper of Makhleb the Destroyer
 10399 | D:7      | Found a burning altar of Makhleb.
 10625 | D:2      | Killed Sigmund
 10738 | D:2      | Killed Terence
 11056 | D:2      | Reached XP level 10. HP: 89/94 MP: 13/13
 11474 | D:8      | Found a shattered altar of Ashenzari.
 11496 | D:8      | Reached * piety under Makhleb
 11570 | D:8      | Noticed Maurice
 11578 | D:8      | Killed Maurice
 11578 | D:8      | Reached skill level 5 in Armour
 11615 | D:8      | Found a glowing golden altar of the Shining One.
 12400 | D:8      | Found a transporter.
 12440 | D:8      | Noticed an eight-headed hydra
 12440 | D:8      | Noticed a deep elf archer
 12443 | D:8      | Found a transporter.
 12847 | D:8      | Killed an eight-headed hydra
 12847 | D:8      | Killed a deep elf archer
 12875 | D:8      | Got a heavily runed ivory amulet
 12877 | D:8      | Got an ancient amethyst amulet
 13505 | D:9      | Identified the amulet "Nejairoh" {Faith rC+} (You found it
                  | on level 8 of the Dungeon)
 13576 | D:9      | Found a staircase to the Lair.
 13703 | D:9      | Found a white marble altar of Elyvilon.
 13769 | D:9      | Found an ornate altar of the Wu Jian Council.
 13860 | D:10     | Entered Level 10 of the Dungeon
 13893 | D:10     | Reached ** piety under Makhleb
 14061 | D:10     | Reached XP level 11. HP: 106/106 MP: 14/14
 14172 | D:10     | Reached *** piety under Makhleb
 14230 | D:10     | Found a staircase to the Orcish Mines.
 14435 | D:10     | Noticed a manticore
 14441 | D:10     | Killed a manticore
 14441 | D:10     | Reached skill level 10 in Fighting
 14465 | D:10     | Identified the amulet of Uclaem {Faith +Blink rPois Int+4}
                  | (You found it on level 8 of the Dungeon)
 14537 | D:10     | Noticed a cyclops
 14827 | D:10     | Killed a cyclops
 15039 | D:10     | Found a stormy altar of Qazlal.
 15327 | Lair:1   | Entered Level 1 of the Lair of Beasts
 15405 | Lair:1   | Reached **** piety under Makhleb
 15425 | Lair:1   | Reached XP level 12. HP: 118/118 MP: 15/15
 15520 | Lair:1   | Found a runed translucent gate.
 15520 | Lair:1   | Found a runed translucent gate.
 15520 | Lair:1   | Found a runed translucent gate.
 15526 | Lair:1   | Noticed a minotaur
 15526 | Lair:1   | Noticed a six-headed hydra
 15528 | Lair:1   | Noticed Morbidden's ghost (journeyman VSFE)
 16754 | Lair:1   | Got a crude hunting sling
 17593 | Lair:2   | Identified the +3 hunting sling of the Head {vorpal, Int+3}
                  | (You found it on level 1 of the Lair of Beasts)
 17605 | Lair:2   | Noticed a seven-headed hydra
 17607 | Lair:2   | Killed a seven-headed hydra
 18418 | Lair:2   | Identified the cursed +0 rapier "Tutufotu" {vorpal, MP+9}
                  | (You found it on level 2 of the Lair of Beasts)
 18462 | Lair:2   | Got an ichor-stained short sword
 18596 | Lair:3   | Identified the +8 short sword of Fee Simple {elec, Int+2}
                  | (You found it on level 2 of the Lair of Beasts)
 19088 | Lair:3   | Found a staircase to the Swamp.
 19414 | Lair:4   | Reached ***** piety under Makhleb
 19440 | Lair:4   | Noticed Nergalle
 19443 | Lair:4   | Gained mutation: You can use your snake-like lower body to
                  | constrict enemies. [Naga growth]
 19443 | Lair:4   | Reached XP level 13. HP: 130/130 MP: 16/16
 19444 | Lair:4   | Killed Nergalle
 20078 | Lair:4   | Found a staircase to the Snake Pit.
 20160 | Lair:4   | Reached skill level 10 in Armour
 20469 | Lair:5   | Noticed Josephine
 20472 | Lair:5   | Killed Josephine
 21092 | Lair:5   | Reached ****** piety under Makhleb
 21632 | Lair:5   | Got a smoking chain mail
 21633 | Lair:5   | Identified the +4 chain mail "Owkiosah" {*Corrode MR+++
                  | Str+3 Stlth+} (You found it on level 5 of the Lair of
                  | Beasts)
 21905 | Lair:6   | Entered Level 6 of the Lair of Beasts
 22526 | Lair:6   | Found a staircase to the Slime Pits.
 22919 | Lair:6   | Reached XP level 14. HP: 145/145 MP: 17/17
 23539 | D:11     | Found Yvvyph's Assorted Antiques.
 23569 | Orc:1    | Entered Level 1 of the Orcish Mines
 23969 | Orc:2    | Entered Level 2 of the Orcish Mines
 24190 | Orc:2    | Reached skill level 5 in Evocations
 24401 | Orc:2    | Found Xaos's Antique Armour Shoppe.
 24401 | Orc:2    | Found Tietaxt's Magic Scroll Shop.
 24404 | Orc:2    | Found Zoug's Weapon Emporium.
 24406 | Orc:2    | Found Umeesin's Food Boutique.
 24415 | Orc:2    | Bought a pitted chain mail for 266 gold pieces
 24416 | Orc:2    | Bought a scroll of identify for 26 gold pieces
 24416 | Orc:2    | Bought a scroll of identify for 26 gold pieces
 24416 | Orc:2    | Bought a scroll of identify for 26 gold pieces
 24416 | Orc:2    | Identified the cursed +0 chain mail of the Dolphin {+Inv}
                  | (You bought it in a shop on level 2 of the Orcish Mines)
 24819 | Orc:2    | Found Cauhos's Food Shoppe.
 24838 | Orc:2    | Found a staircase to the Elven Halls.
 25155 | D:11     | You fall into a shaft and drop 1 floor!
 25159 | D:12     | Reached skill level 15 in Fighting
 25237 | D:12     | Found a snail-covered altar of Cheibriados.
 27304 | D:14     | Noticed a war gargoyle
 27647 | D:14     | Reached XP level 15. HP: 156/156 MP: 18/18
 27668 | D:14     | Found a gate to the Vaults.
 28172 | D:15     | Entered Level 15 of the Dungeon
 28202 | D:15     | Noticed a fire giant
 28249 | D:15     | Found a staircase to the Depths.
 28251 | D:15     | Killed a fire giant
 29489 | Swamp:1  | Entered Level 1 of the Swamp
 29687 | Swamp:1  | Reached XP level 16. HP: 169/169 MP: 21/21
 29884 | Swamp:1  | Identified The Lost Handbook of the Deep Elf Lorekeeper
 30153 | Swamp:2  | Noticed Nikola
 30156 | Swamp:2  | Killed Nikola
 30182 | Swamp:2  | Noticed a thorn hunter
 30183 | Swamp:2  | Killed a thorn hunter
 31616 | Swamp:4  | Entered Level 4 of the Swamp
 31912 | Swamp:4  | Noticed a thorn hunter
 31914 | Swamp:4  | Killed a thorn hunter
 31918 | Swamp:4  | Reached skill level 15 in Armour
 31918 | Swamp:4  | Reached XP level 17. HP: 181/181 MP: 22/22
 31976 | Swamp:4  | Got a decaying rune of Zot
 32580 | Snake:1  | Entered Level 1 of the Snake Pit
 32867 | Snake:1  | Found Uzxaill's Assorted Antiques.
 32878 | Snake:1  | Bought a scroll of enchant armour for 270 gold pieces
 32878 | Snake:1  | Bought a scroll of enchant armour for 270 gold pieces
 33818 | Snake:2  | Noticed Jorgrun
 33826 | Snake:2  | Killed Jorgrun
 34011 | Snake:2  | Noticed Vashnia
 34015 | Snake:2  | Killed Vashnia
 34186 | Snake:2  | Found Qockoade's Jewellery Shoppe.
 34187 | Snake:2  | Found Touheps's Gadget Boutique.
 34188 | Snake:2  | Found Rynin's Jewellery Shoppe.
 34300 | Snake:2  | Found Ziokkiro's Gadget Boutique.
 34561 | Snake:3  | Identified the ring of Dizeziog {+Fly MP+9}
 34818 | Snake:3  | Found a runed translucent gate.
 34818 | Snake:3  | Found a runed translucent gate.
 34820 | Snake:3  | Noticed EWolf27's ghost (adept SpEn)
 34821 | Snake:3  | Found a runed translucent gate.
 34830 | Snake:3  | Killed EWolf27's ghost
 35038 | Snake:4  | Entered Level 4 of the Snake Pit
 35078 | Snake:4  | Found Ymneik's Armour Emporium.
 35143 | Snake:4  | Reached XP level 18. HP: 192/192 MP: 24/24
 35402 | Snake:4  | Noticed Mara
 35406 | Snake:4  | Killed Mara
 35492 | Snake:4  | Noticed Agnes
 35498 | Snake:4  | Killed Agnes
 35543 | Snake:4  | Reached skill level 10 in Evocations
 35546 | Snake:4  | Reached skill level 10 in Shields
 35684 | Snake:4  | Got a serpentine rune of Zot
 36230 | Vaults:1 | Entered Level 1 of the Vaults
 36671 | Vaults:1 | Reached XP level 19. HP: 201/201 MP: 26/26
 37058 | Vaults:1 | Found the +8 glaive of the Guard {elec, +Rage AC+5 SInv}
 37111 | Vaults:1 | Identified a scroll of acquirement
 37112 | Vaults:1 | Identified the +2 naga barding "Annikoos" {rN+} (You
                  | acquired it on level 1 of the Vaults)
 37127 | Vaults:1 | Got a heavily runed tin amulet
 37128 | Vaults:1 | Identified the amulet of Xom's Regard {Reflect MP+9 SH+2}
                  | (You found it on level 1 of the Vaults)
 37437 | Vaults:2 | Noticed Sojobo
 37439 | Vaults:2 | Killed Sojobo
 37723 | Vaults:2 | Noticed Margery
 37727 | Vaults:2 | Killed Margery
 37929 | Vaults:2 | Reached XP level 20. HP: 211/211 MP: 28/28
 38191 | Vaults:2 | Found a staircase to the Crypt.
 38869 | Vaults:3 | Found a portal to a secret trove of treasure.
 38908 | Vaults:3 | Identified the +4 long sword "Labo" {vorpal, rPois MR+}
                  | (You found it on level 3 of the Vaults)
 40011 | Vaults:3 | You paid a toll of a +7 demon whip to enter a treasure
                  | trove
 40012 | Trove    | Entered a treasure trove
 40028 | Trove    | Identified the +1 plate armour of Ruaf {*Corrode rElec MR+
                  | Stlth+} (You found it in a treasure trove)
 40061 | Trove    | Got a scintillating brass ring
 40063 | Trove    | Got a steaming ruby amulet
 40065 | Trove    | Got a coiled ruby amulet
 40082 | Vaults:3 | Identified the amulet "Gyleorch" {Acrobat rN++ MP+9 Str-2
                  | Int+4} (You found it in a treasure trove)
 40083 | Vaults:3 | Identified the amulet "Moiruki" {+Rage Str+3 Dex+4} (You
                  | found it in a treasure trove)
 40085 | Vaults:3 | Identified the ring of Bueqiz {*Slow rC+ Int+6 Stlth+} (You
                  | found it in a treasure trove)
 40163 | Vaults:3 | Found Ungysap's Assorted Antiques.
 40586 | Vaults:3 | Found Vaoll's Food Shoppe.
 40664 | Vaults:3 | Found Doqonorr's Antique Armour Boutique.
 40961 | Vaults:4 | Identified Sif Muna's Compendium of the Forsaken Ghosts
 41417 | Vaults:4 | Reached XP level 21. HP: 220/220 MP: 31/31
 42025 | Vaults:5 | Entered Level 5 of the Vaults
 42026 | Vaults:5 | Reached skill level 15 in Evocations
 42061 | Vaults:5 | Noticed a golden dragon
 42062 | Vaults:5 | Noticed a golden dragon
 42064 | Vaults:5 | Killed a golden dragon
 42066 | Vaults:5 | Killed a golden dragon
 42072 | Vaults:5 | Reached XP level 22. HP: 232/232 MP: 34/34
 42335 | Vaults:5 | Noticed an ancient lich
 42338 | Vaults:5 | Killed an ancient lich
 42422 | Vaults:5 | Got a brightly glowing bronze amulet
 42627 | Vaults:5 | Got a silver rune of Zot
 42854 | Vaults:5 | Reached skill level 15 in Shields
 43133 | Vaults:5 | Noticed a golden dragon
 43135 | Vaults:5 | Killed a golden dragon
 43136 | Vaults:5 | Identified the +6 great sword "Dabiuddi" {drain, *Slow
                  | rN+++ Str+5 Int+3}
 43155 | Vaults:5 | Identified Kiaqazac's Incunabulum of Enthralling Snow
 43527 | Vaults:5 | Identified the amulet "Udwoanown" {Acrobat Str+4 Stlth+}
                  | (You found it on level 5 of the Vaults)
 43609 | Vaults:5 | Identified the cursed +0 falchion "Moneubbe" {freeze,
                  | rElec} (You found it on level 5 of the Vaults)
 43774 | Depths:1 | Entered Level 1 of the Depths
 43793 | Depths:1 | Reached XP level 23. HP: 241/241 MP: 36/36
 43835 | Depths:1 | Learned a level 8 spell: Necromutation
 43966 | Depths:1 | Reached skill level 1 in Transmutations
 43966 | Depths:1 | Reached skill level 1 in Necromancy
 44288 | Depths:1 | Found a gateway to a ziggurat.
 44328 | Depths:1 | Found a gateway to Hell.
 44373 | Depths:2 | Reached XP level 24. HP: 252/252 MP: 36/36
 44744 | Elf:1    | Entered Level 1 of the Elven Halls
 44907 | Elf:1    | Found Medgh's Weapon Shop.
 45578 | Elf:2    | Found a shimmering blue altar of Sif Muna.
 45684 | Elf:2    | Found a runed translucent gate.
 45684 | Elf:2    | Found a runed translucent gate.
 45684 | Elf:2    | Found a runed translucent gate.
 45828 | Elf:2    | Noticed Roxanne
 45831 | Elf:2    | Killed Roxanne
 45968 | Elf:3    | Entered Level 3 of the Elven Halls
 46163 | Elf:3    | Reached skill level 5 in Transmutations
 46163 | Elf:3    | Reached skill level 5 in Necromancy
 46181 | Elf:3    | Reached XP level 25. HP: 260/260 MP: 36/36
 46181 | Elf:3    | Identified the +6 halberd "Yzxye" {elec, *Noise Str+5
                  | Int+4}
 46452 | Elf:3    | Identified the +3 trident "Ymogef" {vorpal, rC+ SInv} (You
                  | found it on level 3 of the Elven Halls)
 46455 | Elf:3    | Identified the +1 leather armour of Past Mistakes {*Corrode
                  | rN++ Slay+3}
 46492 | Elf:3    | Got a faintly glowing lapis lazuli ring
 46493 | Elf:3    | Identified the ring of Biecs {*Drain rPois rF++ Int-2
                  | Stlth+} (You found it on level 3 of the Elven Halls)
 46498 | Elf:3    | Identified the Volume of Evil Air
 46503 | Elf:3    | Identified the ring "Larukh" {*Tele +Inv +Fly Int+3} (You
                  | found it on level 3 of the Elven Halls)
 46626 | Elf:3    | Noticed Louise
 46630 | Elf:3    | Killed Louise
 47096 | Depths:3 | Found a one-way gate leading to the halls of Pandemonium.
 47096 | Depths:3 | Gained mutation: You can exhale a cloud of poison. [a
                  | neqoxec]
 48089 | Depths:2 | Noticed Asterion
 48089 | Depths:2 | Killed Asterion
 48249 | Depths:2 | Found a one-way gate to the infinite horrors of the Abyss.
 48504 | Depths:2 | Paralysed by a floating eye for 2 turns
 48592 | Depths:2 | Reached XP level 26. HP: 271/271 MP: 36/36
 48886 | Depths:4 | Found the +3 hat of Pondering {ponderous, MR+ MP+10 Int+5}
 49122 | Depths:4 | Reached XP level 27. HP: 250/279 MP: 37/37
 49377 | Depths:4 | You fall into a shaft and drop 1 floor!
 49377 | Depths:5 | Entered Level 5 of the Depths
 49392 | Depths:5 | Noticed Mennas
 49394 | Depths:5 | Killed Mennas
 49571 | Depths:5 | Found a gate to the Realm of Zot.
 49572 | Depths:5 | Reached skill level 10 in Transmutations
 49588 | Depths:5 | Reached skill level 10 in Necromancy
 50625 | Hell     | Entered the Vestibule of Hell
 50625 | Hell     | Noticed Geryon
 50633 | Hell     | Killed Geryon
 50724 | Hell     | Found a gateway to the decaying netherworld of Tartarus.
 50804 | Hell     | Found a gateway to the freezing wastes of Cocytus.
 50907 | Hell     | Found a gateway to the Iron City of Dis.
 50931 | Hell     | Found a gateway to the ashen valley of Gehenna.
 51257 | Crypt:1  | Entered Level 1 of the Crypt
 52648 | Crypt:2  | Identified the cursed ring "Byeshex" {MR+ Str-3}
 52684 | Crypt:2  | Found a radiant altar of Vehumet.
 52688 | Crypt:2  | Found a transporter.
 52769 | Crypt:2  | Found a transporter.
 52828 | Crypt:3  | Entered Level 3 of the Crypt
 53192 | Crypt:3  | Found a staircase to the Tomb.
 53336 | Crypt:3  | Found a basalt altar of Yredelemnul.
 53336 | Crypt:3  | Found an ancient bone altar of Kikubaaqudgha.
 54529 | Zig:1    | Entered Level 1 of a ziggurat
 54547 | Zig:2    | Entered Level 2 of a ziggurat
 54564 | Zig:3    | Entered Level 3 of a ziggurat
 54573 | Zig:3    | Identified the +5 chain mail of Grot {rElec rCorr Str-4
                  | Slay+4} (You found it on level 3 of a ziggurat)
 54582 | Zig:4    | Entered Level 4 of a ziggurat
 54605 | Zig:5    | Entered Level 5 of a ziggurat
 54635 | Zig:6    | Entered Level 6 of a ziggurat
 54686 | Zig:6    | Identified the amulet "Buecvew" {+Rage MP+9} (You found it
                  | on level 6 of a ziggurat)
 54699 | Zig:6    | Identified the +9 dagger of the Queen {freeze, Str+5} (You
                  | found it on level 6 of a ziggurat)
 54710 | Zig:7    | Entered Level 7 of a ziggurat
 54737 | Zig:7    | Identified the Guide on Sinister Poisoning
 54739 | Zig:7    | Identified the Papyrus of Battle Magic and Heat
 54766 | Zig:8    | Entered Level 8 of a ziggurat
 54834 | Zig:9    | Entered Level 9 of a ziggurat
 54839 | Zig:9    | Noticed a greater mummy
 54842 | Zig:9    | Killed a greater mummy
 55132 | Zig:10   | Entered Level 10 of a ziggurat
 55136 | Zig:10   | Gained mutation: Your body sometimes deteriorates upon
                  | taking damage. [a neqoxec]
 55240 | Zig:10   | Identified Huolef's Further Progress in Theurgy
 55243 | Zig:10   | Identified the ring of Acemudo Poni {MP+9 Slay+5} (You
                  | found it on level 10 of a ziggurat)
 55247 | Zig:10   | Identified the Disquisition on Mutagenic Fire
 55255 | Zig:10   | Identified the +5 short sword of the Messenger {venom,
                  | rF+++ rN+ Int+2} (You found it on level 10 of a ziggurat)
 55267 | Zig:11   | Entered Level 11 of a ziggurat
 55292 | Zig:11   | Reached skill level 15 in Necromancy
 55292 | Zig:11   | Reached skill level 15 in Transmutations
 55330 | Zig:11   | Identified the cursed +0 mace "Murmur" {flame, Dex+4
                  | Stlth+} (You found it on level 11 of a ziggurat)
 55334 | Zig:12   | Entered Level 12 of a ziggurat
 55570 | Zig:13   | Entered Level 13 of a ziggurat
 55578 | Zig:13   | Noticed a juggernaut
 55579 | Zig:13   | Noticed a juggernaut
 55582 | Zig:13   | Noticed a juggernaut
 55583 | Zig:13   | Killed a juggernaut
 55583 | Zig:13   | Killed a juggernaut
 55588 | Zig:13   | Killed a juggernaut
 55675 | Zig:14   | Entered Level 14 of a ziggurat
 55683 | Zig:14   | Noticed Motwuaxt the pandemonium lord
 55683 | Zig:14   | Noticed Tiusuxee the pandemonium lord
 55684 | Zig:14   | Noticed Zerchuxe the pandemonium lord
 55684 | Zig:14   | Noticed Vyggicuz the pandemonium lord
 55685 | Zig:14   | Killed Tiusuxee the pandemonium lord
 55686 | Zig:14   | Killed Zerchuxe the pandemonium lord
 55686 | Zig:14   | Noticed Gimiqe the pandemonium lord
 55691 | Zig:14   | Killed Vyggicuz the pandemonium lord
 55693 | Zig:14   | Killed Motwuaxt the pandemonium lord
 55703 | Zig:14   | Killed Gimiqe the pandemonium lord
 55717 | Zig:14   | Found the +7 Spriggan's Knife {stab, EV+4 Stlth+}
 55729 | Zig:14   | Identified the ring of Rihinez {rN+ Str-2 Int+4 SInv} (You
                  | found it on level 14 of a ziggurat)
 55797 | Zig:15   | Entered Level 15 of a ziggurat
 55810 | Zig:15   | Noticed Zaeraeg the pandemonium lord
 55810 | Zig:15   | Noticed Ronupp the pandemonium lord
 55811 | Zig:15   | Noticed Timoak the pandemonium lord
 55811 | Zig:15   | Noticed Sing the pandemonium lord
 55812 | Zig:15   | Noticed Imiyq the pandemonium lord
 55812 | Zig:15   | Noticed Gepifyqo the pandemonium lord
 55813 | Zig:15   | Killed Zaeraeg the pandemonium lord
 55813 | Zig:15   | Killed Ronupp the pandemonium lord
 55814 | Zig:15   | Noticed Olahouq the pandemonium lord
 55817 | Zig:15   | Killed Timoak the pandemonium lord
 55817 | Zig:15   | Killed Gepifyqo the pandemonium lord
 55818 | Zig:15   | Killed Sing the pandemonium lord
 55819 | Zig:15   | Killed Olahouq the pandemonium lord
 55828 | Zig:15   | Cast into level 5 of the Abyss (Imiyq)
 55828 | Abyss:5  | Entered Level 5 of the Abyss
 55834 | Zig:15   | Escaped the Abyss
 55835 | Zig:15   | Killed Imiyq the pandemonium lord
 55896 | Zig:15   | Identified the amulet "Dabutt" {Acrobat rC+} (You found it
                  | on level 15 of a ziggurat)
 55898 | Zig:15   | Identified the ring of the Lost Orbs {rN++ Stlth+} (You
                  | found it on level 15 of a ziggurat)
 55915 | Zig:15   | Identified the Handbook of Enhancements and the Oath
 55974 | Zig:16   | Entered Level 16 of a ziggurat
 55999 | Zig:16   | Found the +7 Kryia's mail coat {PotionHeal*2 rC+}
 56079 | Zig:17   | Entered Level 17 of a ziggurat
 56151 | Zig:17   | Identified the ring "Ucsommest" {MR+ Str-2 Int+2 Slay+6
                  | Stlth-} (You found it on level 17 of a ziggurat)
 56158 | Zig:17   | Identified the amulet "Daredio" {Spirit Dex+4} (You found
                  | it on level 17 of a ziggurat)
 56159 | Zig:17   | Identified the Tome of Weightlessness and the Blaze
 56235 | Zig:17   | Identified the cursed +1 dagger "Cotio" {vorpal, rPois}
                  | (You found it on level 17 of a ziggurat)
 56241 | Zig:18   | Entered Level 18 of a ziggurat
 56304 | Zig:18   | Identified the Grimoire of Fiery Clay
 56312 | Zig:18   | Identified the Collected Works on Enthralling Enhancements
 56400 | Zig:19   | Entered Level 19 of a ziggurat
 56713 | Zig:20   | Entered Level 20 of a ziggurat
 56828 | Zig:20   | Identified the +5 falchion "Feoxauc" {vorpal, rF+ Int+3}
                  | (You found it on level 20 of a ziggurat)
 56840 | Zig:21   | Entered Level 21 of a ziggurat
 56944 | Zig:21   | Found the ring of Robustness {AC+8}
 56950 | Zig:21   | Identified the ring of Uskayaw's Supremacy {+Blink rC+ MR+
                  | Int+4 Dex+2} (You found it on level 21 of a ziggurat)
 56952 | Zig:21   | Identified the Volume of the Harmful Blaze
 57060 | Zig:22   | Entered Level 22 of a ziggurat
 57070 | Zig:22   | Noticed a juggernaut
 57074 | Zig:22   | Noticed a juggernaut
 57076 | Zig:22   | Killed a juggernaut
 57078 | Zig:22   | Killed a juggernaut
 57218 | Zig:22   | Found the +9 staff of Olgreb {rPois∞}
 57253 | Zig:22   | Got a smoking zirconium amulet
 57341 | Zig:23   | Entered Level 23 of a ziggurat
 57388 | Zig:23   | Found the cursed +14 obsidian axe {vorpal, +Fly SInv
                  | *Curse}
 57597 | Zig:23   | Identified the Collected Works on Earth and the Compass
 57599 | Zig:23   | Identified the Papyrus of Hexes and the Entourage
 57705 | Zig:24   | Entered Level 24 of a ziggurat
 57819 | Zig:24   | Identified the Compendium of Creative Poison
 57827 | Zig:24   | Got a glittering ivory amulet
 57835 | Zig:24   | Got a warped tin ring
 57861 | Zig:24   | Got an encrusted plate armour
 57864 | Zig:25   | Entered Level 25 of a ziggurat
 57909 | Zig:25   | Paralysed by a floating eye for 2 turns
 58702 | Zig:25   | Found the +5 demon whip "Spellbinder" {antimagic, MR+}
 58709 | Zig:25   | Identified the Catalogue of Mutualism (You acquired it on
                  | level 25 of a ziggurat)
 58709 | Zig:25   | Identified the +1 helmet of Dim Light {rPois Dex+4} (You
                  | acquired it on level 25 of a ziggurat)
 58732 | Zig:25   | Identified the ring "Nug Xiko" {rN++ EV+3 Int-4} (You found
                  | it on level 24 of a ziggurat)
 58741 | Zig:25   | Got a scintillating ivory amulet
 59595 | Zig:26   | Entered Level 26 of a ziggurat
 59608 | Zig:26   | Noticed a juggernaut
 59609 | Zig:26   | Noticed a juggernaut
 59612 | Zig:26   | Killed a juggernaut
 59612 | Zig:26   | Noticed a juggernaut
 59613 | Zig:26   | Noticed a juggernaut
 59614 | Zig:26   | Noticed a juggernaut
 59616 | Zig:26   | Killed a juggernaut
 59616 | Zig:26   | Noticed a juggernaut
 59616 | Zig:26   | Noticed a juggernaut
 59617 | Zig:26   | Killed a juggernaut
 59618 | Zig:26   | Killed a juggernaut
 59618 | Zig:26   | Noticed a juggernaut
 59619 | Zig:26   | Noticed a juggernaut
 59620 | Zig:26   | Killed a juggernaut
 59620 | Zig:26   | Killed a juggernaut
 59621 | Zig:26   | Killed a juggernaut
 59621 | Zig:26   | Noticed a juggernaut
 59624 | Zig:26   | Killed a juggernaut
 59625 | Zig:26   | Killed a juggernaut
 59627 | Zig:26   | Killed a juggernaut
 59759 | Zig:26   | Identified Sif Muna's Almanac of the Sunfish
 59775 | Zig:26   | Identified the +8 plate armour of Foeclyn {*Drain rF+ MR+
                  | Dex+5} (You found it on level 24 of a ziggurat)
 59778 | Zig:26   | Got a wavering pewter ring
 59780 | Zig:26   | Identified the ring of Beogh's Grace {*Contam rPois rN+
                  | Dex+4 Stlth+} (You found it on level 26 of a ziggurat)
 59785 | Zig:26   | Gained mutation: You are dopey. (Int -2) [mutagenic glow]
 59885 | Zig:27   | Entered Level 27 of a ziggurat
 59910 | Zig:27   | Noticed an ancient lich
 59912 | Zig:27   | Killed an ancient lich
 60092 | Zig:27   | Identified the amulet "Lareaci" {Faith *Contam Str+3 Dex+3}
                  | (You found it on level 24 of a ziggurat)
 60094 | Zig:27   | Identified the amulet of Makhleb's Supremacy {Gourm rElec
                  | Str+2 Dex+6} (You found it on level 22 of a ziggurat)
 60095 | Zig:27   | Identified the amulet "Vivouron" {RegenMP Dex+5} (You found
                  | it on level 25 of a ziggurat)
 60101 | Zig:27   | Identified the Compendium of Feathery Transmigration
 60107 | Zig:27   | Reached skill level 5 in Spellcasting
 60117 | Zig:27   | Reached skill level 27 in Transmutations
 60555 | Slime:1  | Entered Level 1 of the Pits of Slime
 60605 | Slime:5  | Entered Level 5 of the Pits of Slime
 60623 | Slime:5  | Noticed the Royal Jelly
 60625 | Slime:5  | Killed the Royal Jelly
 60657 | Slime:5  | Identified the Compendium of Supportive Sinister Magic
 60664 | Slime:5  | Identified the +8 broad axe "Baruppick" {drain, rN+ MR++}
                  | (You found it on level 5 of the Pits of Slime)
 60718 | Slime:5  | Identified the +1 hat of Puetuef {rF+} (You found it on
                  | level 5 of the Pits of Slime)
 60748 | Slime:5  | Got a slimy rune of Zot
 61215 | Zot:1    | Entered Level 1 of the Realm of Zot
 61216 | Zot:1    | Reached skill level 1 in Axes
 61484 | Zot:1    | Noticed an orb of fire
 61488 | Zot:1    | Killed an orb of fire
 61574 | Zot:1    | Noticed an orb of fire
 61574 | Zot:1    | Gained mutation: Your magical capacity is low. (-10% MP)
                  | [an orb of fire]
 61578 | Zot:1    | Killed an orb of fire
 62074 | Zot:2    | Reached skill level 10 in Spellcasting
 62362 | Zot:2    | Reached skill level 5 in Axes
 62635 | Zot:2    | You fall into a shaft and drop 1 floor!
 62650 | Zot:3    | Reached skill level 5 in Dodging
 65378 | Zot:5    | Entered Level 5 of the Realm of Zot
 65547 | Zot:5    | Noticed an orb of fire
 65547 | Zot:5    | Noticed an orb of fire
 65549 | Zot:5    | Noticed an orb of fire
 65552 | Zot:5    | Killed an orb of fire
 65555 | Zot:5    | Killed an orb of fire
 65560 | Zot:5    | Killed an orb of fire
 65868 | Zot:5    | Reached skill level 10 in Axes
 66412 | Tar:1    | Entered Level 1 of Tartarus
 66888 | Tar:3    | You fall into a shaft and drop 2 floors!
 67695 | Tar:7    | Entered Level 7 of Tartarus
 67992 | Tar:7    | Reached skill level 10 in Dodging
 68050 | Tar:7    | Noticed Ereshkigal
 68054 | Tar:7    | Killed Ereshkigal
 68104 | Tar:7    | Got a bone rune of Zot
 68170 | Geh:1    | Entered Level 1 of Gehenna
 68179 | Geh:1    | You fall into a shaft and drop 1 floor!
 68270 | Geh:1    | You fall into a shaft and drop 1 floor!
 68636 | Geh:3    | You fall into a shaft and drop 3 floors!
 68788 | Geh:7    | Entered Level 7 of Gehenna
 68837 | Geh:7    | Identified the +7 sceptre of Asmodeus
 68837 | Geh:7    | Noticed Asmodeus
 68868 | Geh:7    | Killed Asmodeus
 68882 | Geh:7    | Got an obsidian rune of Zot
 68943 | Dis:1    | Entered Level 1 of the Iron City of Dis
 69010 | Dis:2    | You fall into a shaft and drop 2 floors!
 69061 | Dis:5    | Cast into level 2 of the Abyss (reaper)
 69230 | Dis:5    | Escaped the Abyss
 69721 | Dis:7    | Entered Level 7 of the Iron City of Dis
 69842 | Dis:7    | Reached skill level 27 in Fighting
 69910 | Dis:7    | Identified the +4 staff of Dispater
 69910 | Dis:7    | Noticed Dispater
 69926 | Dis:7    | Killed Dispater
 69938 | Dis:7    | Got an iron rune of Zot
 70087 | Coc:1    | Entered Level 1 of Cocytus
 70161 | Coc:1    | Reached skill level 15 in Spellcasting
 70816 | Coc:3    | You fall into a shaft and drop 3 floors!
 70904 | Coc:7    | Entered Level 7 of Cocytus
 70944 | Coc:7    | Noticed Antaeus
 70956 | Coc:7    | Killed Antaeus
 70966 | Coc:7    | Got an icy rune of Zot
 71481 | Tomb:1   | Entered Level 1 of the Tomb of the Ancients
 72099 | Tomb:1   | Noticed a greater mummy
 72102 | Tomb:1   | Killed a greater mummy
 72102 | Tomb:1   | Noticed a greater mummy
 72105 | Tomb:1   | Killed a greater mummy
 72105 | Tomb:1   | Reached skill level 15 in Axes
 72602 | Tomb:2   | Noticed a greater mummy
 72602 | Tomb:2   | Noticed a greater mummy
 72602 | Tomb:2   | Noticed a greater mummy
 72602 | Tomb:2   | Noticed a greater mummy
 72609 | Tomb:2   | Reached skill level 27 in Evocations
 72670 | Tomb:3   | Entered Level 3 of the Tomb of the Ancients
 72678 | Tomb:3   | Noticed a greater mummy
 72682 | Tomb:3   | Killed a greater mummy
 72684 | Tomb:3   | Noticed a greater mummy
 72686 | Tomb:3   | Noticed a greater mummy
 72686 | Tomb:3   | Noticed a greater mummy
 72690 | Tomb:3   | Killed a greater mummy
 72692 | Tomb:3   | Killed a greater mummy
 72701 | Tomb:3   | Killed a greater mummy
 72715 | Tomb:3   | Noticed a greater mummy
 72715 | Tomb:3   | Noticed a greater mummy
 72719 | Tomb:3   | Noticed a greater mummy
 72720 | Tomb:3   | Killed a greater mummy
 72723 | Tomb:3   | Killed a greater mummy
 72725 | Tomb:3   | Noticed a greater mummy
 72726 | Tomb:3   | Noticed an ancient lich
 72729 | Tomb:3   | Killed a greater mummy
 72729 | Tomb:3   | Killed a greater mummy
 72734 | Tomb:3   | Killed an ancient lich
 72933 | Tomb:3   | Identified Feuwano's Volume of Igneous Transformation
 72966 | Tomb:3   | Identified the Incunabulum of the Shifting Glacier
 73295 | Tomb:3   | Got a golden rune of Zot
 73766 | Pan      | Entered Pandemonium
 73766 | Pan      | Noticed Laizxuz the pandemonium lord
 73782 | Pan      | Killed Laizxuz the pandemonium lord
 73999 | Pan      | Noticed Jihegh the pandemonium lord
 74031 | Pan      | Killed Jihegh the pandemonium lord
 74344 | Pan      | Noticed Dougekh the pandemonium lord
 74364 | Pan      | Killed Dougekh the pandemonium lord
 74620 | Pan      | Noticed Dasmey the pandemonium lord
 74641 | Pan      | Killed Dasmey the pandemonium lord
 74875 | Depths:3 | Escaped Pandemonium
 74877 | Pan      | Entered Pandemonium
 74889 | Pan      | Noticed Ewnumol the pandemonium lord
 74906 | Pan      | Cast into level 5 of the Abyss (Ewnumol)
 74906 | Abyss:5  | Entered Level 5 of the Abyss
 75096 | Pan      | Escaped the Abyss
 75110 | Pan      | Killed Ewnumol the pandemonium lord
 75404 | Pan      | Found an exit through the horrors of the Abyss.
 75426 | Pan      | Entered the realm of Mnoleg.
 75451 | Pan      | Noticed Mnoleg
 75460 | Pan      | Killed Mnoleg
 75460 | Pan      | Reached skill level 15 in Dodging
 75569 | Pan      | Got a glowing rune of Zot
 75658 | Pan      | Identified the +5 hand crossbow of the Final Decision
                  | {elec, Fragile Str+2 Dex+2}
 75706 | Pan      | Entered the realm of Cerebov.
 75921 | Pan      | Identified the +6 sword of Cerebov {flame}
 75921 | Pan      | Noticed Cerebov
 75947 | Pan      | Killed Cerebov
 75964 | Pan      | Got a fiery rune of Zot
 76097 | Pan      | Noticed Neyts the pandemonium lord
 76108 | Pan      | Killed Neyts the pandemonium lord
 76239 | Pan      | Entered the realm of Gloorx Vloq.
 76239 | Pan      | Noticed Gloorx Vloq
 76244 | Pan      | Killed Gloorx Vloq
 76247 | Pan      | Got a dark rune of Zot
 76574 | Pan      | Found an exit through the horrors of the Abyss.
 76731 | Depths:3 | Escaped Pandemonium
 76733 | Pan      | Entered Pandemonium
 76802 | Pan      | Noticed Nusask the pandemonium lord
 76808 | Pan      | Killed Nusask the pandemonium lord
 77036 | Pan      | Found an exit through the horrors of the Abyss.
 77163 | Pan      | Entered the realm of Lom Lobon.
 77337 | Pan      | Noticed Lom Lobon
 77344 | Pan      | Killed Lom Lobon
 77353 | Pan      | Got a magical rune of Zot
 79068 | Pan      | Noticed Wopib Utix the pandemonium lord
 79094 | Pan      | Killed Wopib Utix the pandemonium lord
 79298 | Pan      | Noticed Ignacio
 79314 | Pan      | Killed Ignacio
 79337 | Pan      | Noticed Famev Ule the pandemonium lord
 79354 | Pan      | Killed Famev Ule the pandemonium lord
 79387 | Pan      | Got a demonic rune of Zot
 79957 | Pan      | Found an exit through the horrors of the Abyss.
 79969 | Pan      | Took an exit into the Abyss.
 79969 | Abyss:1  | Escaped into the Abyss
 80420 | Abyss:3  | Paralysed by accursed screaming for 1 turns
 80426 | Abyss:3  | Got an abyssal rune of Zot
 80445 | Depths:3 | Escaped the Abyss
 80618 | Zot:5    | Got the Orb of Zot
 80681 | Zot:4    | Noticed Bockyron the pandemonium lord
 80704 | Zot:4    | Killed Bockyron the pandemonium lord
 81190 | D:$      | Escaped with the Orb!

Illustrated notes

Levels and vault maps discovered:
D:1:      matt_arrival_diagonals, layout_basic, minmay_domino_2
D:2:      cheibrodos_pilgrimage, layout_loops_cross,
          chequers_serial_rivers_micro_c, uniq_robin, uniq_terence, uniq_sigmund
D:3:      layout_loops_corners, first_ration, uniq_jessica, uniq_natasha
D:4:      layout_basic, serial_shops, shop_fountains, grunt_tough_drop,
          uniq_ijyb, uniq_edmund
D:5:      layout_rooms, kennysheep_mini, uniq_grinder
D:6:      layout_layer_cave, nemelex_xobeh_ov_fountains_minmay,
          nicolae_overflow_hidden_temple, basic_altar
D:7:      minmay_cornered_nines, layout_basic, vehumet_altar_wand_db,
          kennysheep_little_box, minmay_temple_entry_slanted, serial_rivers,
          chequers_serial_rivers_room_a, chequers_serial_rivers_small_a,
          chequers_serial_rivers_room_b, chequers_serial_rivers_room_a,
          makhleb_heckhound_becter, uniq_joseph
D:8:      gammafunk_sealed_arena, layout_layer_cave,
          nicolae_overflow_crystal_walls, lemuel_doored_altar, uniq_maurice
D:9:      layout_rooms, elyvilon_altar_4, overflow_temple_1_default,
          dpeg_oklobed_lair
D:10:     layout_rooms, zombieorc2_lemuel, basic_altar,
          hangedman_pestilent_swarm, minivault_28
D:11:     layout_grid_maze, serial_shops, nicolae_shop_trees,
          small_statue_intersection, statue_in_the_mist_lemuel
D:12:     layout_roguey [special_room_bee], minmay_variable_closet,
          cheibriados_altar_1
D:13:     layout_rooms, drop_trap, serial_park_tiny_pond, minmay_more_statues
D:14:     gargoyle_guard, layout_basic, grunt_vaults_entry_fortified,
          serial_park_square2
D:15:     grunt_enter_depths_giant_problem, layout_basic, serial_bayou_pond_c,
          nrook_campfire, chequers_decorated_corner, grunt_decor_resistance
Temple:   nicolae_temple_figure_eight
Lair:1:   layout_regular_city, maelrawn_ghost_gauntlet_escape,
          cheibrodos_lair_reptile_den, grunt_megastairs_3,
          minmay_lair_oklob_chamber
Lair:2:   layout_layer_cave, lemuel_fruit_fields
Lair:3:   wander_river, layout_gridlike, swamp_mist
Lair:4:   layout_gridlike, dummy_snake_entry, grunt_forest_large_clearings,
          uniq_nergalle
Lair:5:   cheibrodos_lair_river_kwai, layout_hall_layers,
          cheibrodos_lair_caveside_slide, uniq_josephine
Lair:6:   cheibrodos_lair_end_hotspot, layout_gridlike,
          minmay_slime_entry_jelly_boxes
Swamp:1:  layout_basic_swamp, serial_swamp_ruin, hangedman_swamp_ruin_wall,
          evilmike_swamp_ruin_house_2, swamp_pool5, ldierk_geyser, worms_lemuel
Swamp:2:  layout_basic_swamp, evilmike_swamp_ruin_rubble_2, swamp_pool5,
          uniq_nikola
Swamp:3:  layout_basic_swamp, evilmike_swamp_ruin_house_6, hangedman_swamp_cone
Swamp:4:  swamp_alternative, layout_basic_swamp, swamp_pool2,
          infiniplex_staircase_pool
Snake:1:  layout_chambers, serial_shops, shop
Snake:2:  layout_misc_corridors, serial_shops, shop, minmay_shop_grove,
          uniq_vashnia, uniq_jorgrun
Snake:3:  nicolae_snake_nest, layout_onion_interference, gammafunk_ghost_split
Snake:4:  snake_pit, layout_gridlike, serial_shops, shop, uniq_agnes, uniq_mara
Slime:1:  layout_caves
Slime:2:  cheibrodos_slime_lost_civilization_3, layout_caves
Slime:3:  layout_caves
Slime:4:  layout_caves
Slime:5
Orc:1:    layout_diamond_mine
Orc:2:    st_orc_rangers, layout_diamond_mine, serial_shops, shop
Elf:1:    eino_elf_arrival_the_gate, layout_loops_corners, serial_shops,
          nicolae_shop_stone, hangedman_elf_represent
Elf:2:    layout_geoelf_octagon, basic_altar, uniq_roxanne, uniq_azrael
Elf:3:    minmay_elf_hall_quartered_circle, layout_geoelf_diagonals, drop_trap,
          uniq_louise
Vaults:1: hangedman_vaults_cutoff, hangedman_vaults_slice,
          hangedman_vaults_pinch, v_misc_33, v_misc_22,
          nicolae_vaults_triangles, v_misc_27,
          minmay_guarded_unrand_guard_vaults, grunt_vaults_focal,
          layout_vaults_omnicross
Vaults:2: vaults_room_octagon, ontoclasm_vaults_gallery, v_misc_24,
          minmay_crypt_entry_skeletal_spiral, v_alt_pattern_4, v_misc_28,
          ontoclasm_vaults_gateway, dpeg_vaults_monster_row, vaults_room_grid,
          hangedman_vaults_restitches, nicolae_vaults_network_quincunx
          [nicolae_vaults_network_quincunx_subvault,
          nicolae_vaults_network_quincunx_subvault,
          nicolae_vaults_network_quincunx_subvault,
          nicolae_vaults_network_quincunx_subvault,
          nicolae_vaults_network_quincunx_subvault], v_pattern_4,
          layout_vaults_maze_bifur, uniq_margery, uniq_sojobo
Vaults:3: ontoclasm_vaults_ring_large, v_misc_3,
          nicolae_vaults_ring_of_whatevers, v_misc_17,
          nicolae_vaults_specimen_jars, nicolae_vaults_asterisk,
          hangedman_vaults_capsules, hangedman_vaults_maws,
          layout_vaults_omnigrid, serial_shops, shop, nicolae_shop_trees,
          shop_statue, enter_trove_1
Vaults:4: st_octagons_1, nicolae_vaults_border_crossing, v_misc_1,
          ontoclasm_vaults_eye, nicolae_vaults_twisting_passages,
          hangedman_vaults_slice, vaults_dpeg_ring,
          nicolae_vaults_three_branches, layout_vaults_chaotic_city
Vaults:5: serial_shops
Crypt:1:  layout_regular_city
Crypt:2:  gammafunk_sealed_library, layout_gridlike
Crypt:3:  lightli_unholy_cathedral, layout_chaotic_city,
          nicolae_crypt_soggy_tomb
Tomb:1
Tomb:2
Tomb:3
Depths:1: layout_cave_pools, enter_ziggurat_b, lemuel_statue_altar, hellmouth_1,
          minmay_misc_feat_tower, serial_bayou_ford_a, lemuel_old_faithful
Depths:2: lemuel_river_lethe, abyss_entry, hell_entry, uniq_asterion
Depths:3: kennysheep_scales, layout_cave_shapes, hell_entry,
          rand_demon_pan_entry_1, chequers_serial_rivers_marsh,
          kennysheep_inner_square
Depths:4: minmay_bad_star, layout_basic, abyss_entry, lightli_too_deep,
          hangedman_decor_push, hangedman_decor_diamond_cutter,
          kennysheep_small_spiral
Depths:5: grunt_x_marks_the_spot, layout_gridlike, hangedman_coc_ice_floe,
          uniq_mennas
Hell
Dis:1:    layout_gridville
Dis:2:    layout_regular_city
Dis:4:    layout_gridville
Dis:5:    layout_chaotic_city, nicolae_dis_lava_storage_tank
Dis:6:    layout_jigsaw
Dis:7:    dis_hangedman
Geh:1:    layout_gehenna_pools_box
Geh:2:    layout_gehenna_lava_caves
Geh:3:    layout_gehenna_pools_basic
Geh:6:    layout_gehenna_lava_caves
Geh:7:    geh_grunt
Coc:1:    layout_cocytus_water_paths
Coc:2:    layout_cocytus_water_paths
Coc:3:    layout_ice_bergs, door_vault
Coc:6:    grunt_deathspiral_small, layout_ice_bergs
Coc:7:    coc_mu
Tar:1:    layout_honeycomb, evilmike_ambush [evilmike_ambush_outer_basic,
          evilmike_ambush_inner_basic]
Tar:2:    layout_catacombs, lemuel_nasty_fountain
Tar:3:    layout_grid_maze, nicolae_tar_fractal_crypt
Tar:5:    layout_cathedral_of_symmetry, lemuel_elevator
Tar:6:    layout_catacombs
Tar:7:    tar_mu [tar_mu_maze]
Zot:1:    layout_misc_corridors, st_stairs_2
Zot:2:    hangedman_orp_of_zott, layout_twisted_circle, bh_zot_levy_curve
Zot:3:    layout_cellular_growth
Zot:4:    layout_gridville, drop_trap
Zot:5:    layout_misc_corridors, grunt_ministairs_7

Skill      XL: |  1  2  3  4  5  6  7  8  9 10 11 12 13 14 15 16 17 18 19 20 21 22 23 24 25 26 27 |
---------------+----------------------------------------------------------------------------------+-----
Conjurations   | 6 |  6.0
Fighting       | 1 2 3 5 7 9 10 12 14 15 17 18 19 20 21 22 27 | 27.0
Hexes          | 2 4 |  4.0
Shields        | 1 2 4 5 7 9 10 12 13 14 15 | 15.0
Evocations     | 2 3 5 7 8 10 11 14 16 18 19 20 27 | 27.0
Armour         | 2 4 6 7 9 11 12 13 15 16 17 18 19 25 | 25.6
Transmutations | 3 6 8 9 27 | 27.0
Necromancy     | 3 6 8 9 26 | 26.8
Spellcasting   | 21 | 21.2
Axes           | 18 | 18.0
Dodging        | 18 | 18.6
Stealth        | |  3.0

Action                   |  1- 3 |  4- 6 |  7- 9 | 10-12 | 13-15 | 16-18 | 19-21 | 22-24 | 25-27 || total
-------------------------+-------+-------+-------+-------+-------+-------+-------+-------+-------++-------
Melee: Dagger            |    18 |     2 |       |       |       |       |       |       |       ||    20
       Whip              |       |     3 |   134 |   234 |       |       |       |       |       ||   371
       Halberd           |       |    10 |    38 |       |       |       |       |       |       ||    48
       Short sword       |       |       |       |       |   122 |     4 |       |       |       ||   126
       Constrict         |       |       |       |       |    31 |     9 |    24 |     4 |   766 ||   834
       Rapier            |       |       |       |       |       |    50 |   147 |    44 |   280 ||   521
       Broad axe         |       |       |       |       |       |       |       |       |  4926 ||  4926
       Staff             |       |       |       |       |       |       |       |       |     1 ||     1
Throw: Stone             |     1 |       |       |       |       |       |       |       |       ||     1
 Cast: Magic Dart        |    42 |    50 |    27 |       |       |       |       |       |       ||   119
       Searing Ray       |     4 |    10 |     8 |       |       |       |       |       |       ||    22
       Necromutation     |       |       |       |       |       |       |       |       |   193 ||   193
       Dazzling Flash    |       |       |       |       |       |       |       |       |     1 ||     1
 Abil: Spit Poison       |     9 |     4 |     4 |     1 |       |       |       |       |       ||    18
       End Transformatio |       |       |       |       |       |       |       |       |     4 ||     4
       Evoke Blink       |       |       |       |       |       |       |       |       |     3 ||     3
Evoke: Tin of tremorston |       |       |    32 |    96 |   274 |   209 |   137 |   171 |   893 ||  1812
       Wand              |       |       |     1 |    12 |     9 |       |       |       |    26 ||    48
       Phial of floods   |       |       |       |       |       |     1 |     1 |       |     1 ||     3
       Box of beasts     |       |       |       |       |       |       |       |       |    22 ||    22
       Phantom mirror    |       |       |       |       |       |       |       |       |    15 ||    15
       Lightning rod     |       |       |       |       |       |       |       |       |     8 ||     8
  Use: Potion            |     2 |     4 |       |     4 |       |     1 |       |     1 |    27 ||    39
       Scroll            |     3 |     3 |     7 |    15 |     9 |     7 |    18 |     4 |    79 ||   145
 Stab: Distracted        |       |       |       |       |       |       |       |       |     5 ||     5
       Invisible         |       |       |       |       |       |       |       |       |     4 ||     4
       Confused          |       |       |       |       |       |       |       |       |     1 ||     1
  Eat: Chunk             |     3 |     6 |    13 |    10 |    21 |     6 |     7 |     1 |    19 ||    86
       Ration            |       |       |     2 |     3 |     2 |     4 |     3 |     3 |    13 ||    30
Armor: Robe              |     1 |     5 |    21 |       |       |       |       |       |       ||    27
       Scale mail        |       |       |     4 |       |       |       |       |       |       ||     4
       Chain mail        |       |       |   106 |    76 |   251 |       |       |       |       ||   433
       Plate armour      |       |       |       |   189 |   340 |   702 |   543 |   659 |  6313 ||  8746
Dodge: Dodged            |    21 |    21 |    23 |    26 |    45 |    23 |     9 |    11 |  1440 ||  1619
Block: Kite shield       |       |       |    63 |   137 |    95 |    59 |       |       |       ||   354
       Tower shield      |       |       |       |       |       |    46 |   154 |   113 |  7742 ||  8055

Table legend:
 A = Non-vault XP
 B = Vault XP
 C = Vault XP percentage of total XP
 D = Non-vault monster count
 E = Vault monster count
 F = Vault count percentage of total count
                 A         B        C        D         E       F
            +---------+---------+-------+---------+---------+-------
      Total | 2811052 | 1684206 |  37.5 |    3744 |    1597 |  29.9
            +---------+---------+-------+---------+---------+-------
        D:1 |      49 |       3 |   5.8 |      29 |       2 |   6.5
        D:2 |     178 |     342 |  65.8 |      21 |      13 |  38.2
        D:3 |     301 |      73 |  19.5 |      28 |       2 |   6.7
        D:4 |     187 |     434 |  69.9 |      15 |       5 |  25.0
        D:5 |     462 |     277 |  37.5 |       9 |       1 |  10.0
        D:6 |     956 |       0 |   0.0 |      21 |       0 |   0.0
        D:7 |     668 |     766 |  53.4 |      16 |       6 |  27.3
        D:8 |    2049 |    1877 |  47.8 |      39 |       4 |   9.3
        D:9 |     288 |       0 |   0.0 |       4 |       0 |   0.0
       D:10 |    3235 |    4107 |  55.9 |      34 |      52 |  60.5
       D:11 |    5166 |       0 |   0.0 |      37 |       0 |   0.0
       D:12 |    5293 |    2505 |  32.1 |      45 |      24 |  34.8
       D:13 |    3237 |    1108 |  25.5 |       9 |       2 |  18.2
       D:14 |    5418 |    7102 |  56.7 |      17 |      10 |  37.0
       D:15 |   25021 |    1789 |   6.7 |      79 |       1 |   1.2
     Lair:1 |    3430 |    5044 |  59.5 |      15 |      15 |  50.0
     Lair:2 |    2478 |       0 |   0.0 |      10 |       0 |   0.0
     Lair:3 |    2044 |       0 |   0.0 |      15 |       0 |   0.0
     Lair:4 |    3314 |    4224 |  56.0 |      14 |      28 |  66.7
     Lair:5 |    5510 |    4135 |  42.9 |      27 |      11 |  28.9
     Lair:6 |    3886 |    4817 |  55.3 |      13 |      28 |  68.3
    Swamp:1 |   12458 |    2588 |  17.2 |      32 |      12 |  27.3
    Swamp:2 |   12855 |    4733 |  26.9 |      34 |       4 |  10.5
    Swamp:3 |    9041 |       0 |   0.0 |      25 |       0 |   0.0
    Swamp:4 |    7738 |   19756 |  71.9 |      23 |      28 |  54.9
    Snake:1 |   13019 |       0 |   0.0 |      29 |       0 |   0.0
    Snake:2 |    7907 |   12101 |  60.5 |      18 |       7 |  28.0
    Snake:3 |    7425 |    7428 |  50.0 |      17 |       9 |  34.6
    Snake:4 |   16420 |   39483 |  70.6 |      33 |      44 |  57.1
    Slime:1 |    4305 |       0 |   0.0 |      17 |       0 |   0.0
    Slime:2 |    9823 |       0 |   0.0 |      14 |       0 |   0.0
    Slime:4 |    8126 |       0 |   0.0 |       8 |       0 |   0.0
    Slime:5 |   20887 |   30419 |  59.3 |      38 |      15 |  28.3
      Orc:1 |    2230 |       0 |   0.0 |      19 |       0 |   0.0
      Orc:2 |    1631 |    4619 |  73.9 |      35 |      36 |  50.7
      Elf:1 |   11647 |    9302 |  44.4 |      20 |      13 |  39.4
      Elf:2 |   12241 |    2952 |  19.4 |      16 |       2 |  11.1
      Elf:3 |   11309 |   51833 |  82.1 |      18 |      34 |  65.4
   Vaults:1 |   17351 |   24268 |  58.3 |      33 |      35 |  51.5
   Vaults:2 |   44937 |   47501 |  51.4 |      69 |      59 |  46.1
   Vaults:3 |   13731 |    7856 |  36.4 |      33 |      18 |  35.3
   Vaults:4 |   16787 |   46028 |  73.3 |      27 |      39 |  59.1
   Vaults:5 |   36359 |  149289 |  80.4 |      41 |     103 |  71.5
    Crypt:1 |   26328 |       0 |   0.0 |      37 |       0 |   0.0
    Crypt:2 |   35192 |   16544 |  32.0 |      44 |      13 |  22.8
    Crypt:3 |   40247 |   46654 |  53.7 |      62 |      37 |  37.4
     Tomb:1 |   19038 |   40046 |  67.8 |      45 |      28 |  38.4
     Tomb:2 |    1680 |    6252 |  78.8 |       5 |      10 |  66.7
     Tomb:3 |   11241 |  114332 |  91.0 |      30 |      86 |  74.1
   Depths:1 |   41512 |    2255 |   5.2 |      60 |       4 |   6.2
   Depths:2 |       0 |   60161 | 100.0 |       0 |     115 | 100.0
   Depths:3 |   26088 |   15265 |  36.9 |      33 |      15 |  31.2
   Depths:4 |   73415 |   28067 |  27.7 |      66 |      15 |  18.5
   Depths:5 |   34520 |   31855 |  48.0 |      35 |      19 |  35.2
       Hell |   14103 |   45290 |  76.3 |      18 |      58 |  76.3
      Dis:1 |    4582 |       0 |   0.0 |       6 |       0 |   0.0
      Dis:4 |     457 |       0 |   0.0 |       1 |       0 |   0.0
      Dis:5 |   30066 |       0 |   0.0 |      50 |       0 |   0.0
      Dis:6 |   16557 |       0 |   0.0 |      14 |       0 |   0.0
      Dis:7 |    4342 |   84212 |  95.1 |       5 |      64 |  92.8
      Geh:1 |    1288 |       0 |   0.0 |       6 |       0 |   0.0
      Geh:2 |   27533 |       0 |   0.0 |      63 |       0 |   0.0
      Geh:3 |   31904 |       0 |   0.0 |      61 |       0 |   0.0
      Geh:6 |   33083 |       0 |   0.0 |      62 |       0 |   0.0
      Geh:7 |   16954 |   30829 |  64.5 |      21 |      13 |  38.2
      Coc:1 |   15697 |       0 |   0.0 |      36 |       0 |   0.0
      Coc:2 |   26783 |       0 |   0.0 |      56 |       0 |   0.0
      Coc:3 |   18473 |       0 |   0.0 |      23 |       0 |   0.0
      Coc:6 |    5645 |       0 |   0.0 |       8 |       0 |   0.0
      Coc:7 |   12050 |   27412 |  69.5 |      28 |      39 |  58.2
      Tar:1 |    4485 |   12743 |  74.0 |       7 |      24 |  77.4
      Tar:2 |   18790 |       0 |   0.0 |      18 |       0 |   0.0
      Tar:3 |   30683 |       0 |   0.0 |      30 |       0 |   0.0
      Tar:5 |   21993 |       0 |   0.0 |      19 |       0 |   0.0
      Tar:6 |   35684 |       0 |   0.0 |      56 |       0 |   0.0
      Tar:7 |   49066 |   44410 |  47.5 |      47 |      25 |  34.7
      Zot:1 |   67993 |    3063 |   4.3 |      36 |       2 |   5.3
      Zot:2 |   79353 |   37595 |  32.1 |      43 |      41 |  48.8
      Zot:3 |   62369 |       0 |   0.0 |      41 |       0 |   0.0
      Zot:4 |   31076 |       0 |   0.0 |      19 |       0 |   0.0
      Zot:5 |   79217 |  158106 |  66.6 |      41 |      47 |  53.4
    Abyss:1 |    4539 |       0 |   0.0 |       3 |       0 |   0.0
    Abyss:2 |   13824 |       0 |   0.0 |      17 |       0 |   0.0
    Abyss:3 |   13945 |    9871 |  41.4 |      44 |       8 |  15.4
    Abyss:5 |   14107 |       0 |   0.0 |      27 |       0 |   0.0
        Pan |  314566 |  351928 |  52.8 |     375 |     249 |  39.9
      Zig:1 |    1116 |       0 |   0.0 |       4 |       0 |   0.0
      Zig:2 |    2849 |       0 |   0.0 |       2 |       0 |   0.0
      Zig:3 |    1367 |       0 |   0.0 |       4 |       0 |   0.0
      Zig:4 |    5084 |       0 |   0.0 |       5 |       0 |   0.0
      Zig:5 |    4202 |       0 |   0.0 |       9 |       0 |   0.0
      Zig:6 |    6120 |    2276 |  27.1 |      15 |       4 |  21.1
      Zig:7 |    9806 |       0 |   0.0 |      13 |       0 |   0.0
      Zig:8 |   10828 |       0 |   0.0 |      11 |       0 |   0.0
      Zig:9 |   14244 |       0 |   0.0 |      24 |       0 |   0.0
     Zig:10 |   14014 |       0 |   0.0 |      22 |       0 |   0.0
     Zig:11 |   17401 |       0 |   0.0 |      26 |       0 |   0.0
     Zig:12 |   21819 |       0 |   0.0 |      24 |       0 |   0.0
     Zig:13 |   36721 |       0 |   0.0 |      31 |       0 |   0.0
     Zig:14 |   71130 |       0 |   0.0 |      20 |       0 |   0.0
     Zig:15 |   72776 |       0 |   0.0 |      22 |       0 |   0.0
     Zig:16 |   40204 |       0 |   0.0 |      37 |       0 |   0.0
     Zig:17 |   41026 |       0 |   0.0 |      41 |       0 |   0.0
     Zig:18 |   35516 |     132 |   0.4 |      44 |       4 |   8.3
     Zig:19 |   39586 |       0 |   0.0 |      53 |       0 |   0.0
     Zig:20 |   51330 |       0 |   0.0 |      51 |       0 |   0.0
     Zig:21 |   52184 |       0 |   0.0 |      52 |       0 |   0.0
     Zig:22 |   64154 |    2501 |   3.8 |      71 |       4 |   5.3
     Zig:23 |   61928 |     134 |   0.2 |      65 |       4 |   5.8
     Zig:24 |   62005 |       0 |   0.0 |      95 |       0 |   0.0
     Zig:25 |   72318 |    3533 |   4.7 |      73 |       4 |   5.2
     Zig:26 |  123005 |       0 |   0.0 |      75 |       0 |   0.0
     Zig:27 |   96454 |    9981 |   9.4 |      61 |       3 |   4.7
            +---------+---------+-------+---------+---------+-------
